 Dungeon Crawl Stone Soup version 0.24.0-13-gcf9b3192b9 (webtiles) character file.

Game seed: 12359777064188965334, levelgen mode: deterministic

27141861 Arthanis the Archmage (level 27, 197/197 (199) HPs)
             Began as a Deep Elf Fire Elementalist on Nov 3, 2019.
             Was the Champion of Vehumet.
             Escaped with the Orb
             ... and 15 runes on Nov 5, 2019!
             The game lasted 08:21:44 (56011 turns).

Arthanis the Archmage (Deep Elf Fire Elementalist) Turns: 56011, Time: 08:21:45

HP:   197/197 (199) AC: 11    Str:  5    XL:     27
MP:   98/98         EV: 32    Int: 38    God:    Vehumet [******]
Gold: 3161          SH: 14    Dex: 15    Spells: 0/80 levels left

rFire    + + .     SeeInvis +   a - staff of power
rCold    + + .     Gourm    .   O - +3 warlock's mirror {reflect}
rNeg     + . .     Faith    .   K - +2 robe of Vines {NoPotionHeal Regen+7}
rPois    +         Spirit   .   Z - -2 hat of the Alchemist {rElec rPois rF+ rC+ rN+ MR+ rMut rCorr}
rElec    +         Reflect  +   T - scarf {repulsion}
rCorr    +         Harm     .   L - +3 pair of gloves "Dieg" {rElec Int+4}
rMut     +         Rnd*Rage +   w - +2 pair of boots of the Nightingale {SInv}
MR       ++++.                  m - amulet "Naisk" {RegenMP MP+9}
Stlth    +++.......             A - ring of Ephemeral Luck {Wiz MP+9}
HPRegen  3.22/turn              j - ring of Grace {rF+ rC+ MR+ MP+9}
MPRegen  0.81/turn

@: repel missiles
A: berserk 1, mutation resistance 1, electricity resistance, wild magic 1
0: Orb of Zot
}: 15/15 runes: barnacled, slimy, silver, golden, iron, obsidian, icy, bone,
abyssal, demonic, glowing, magical, fiery, dark, gossamer
a: Renounce Religion


You escaped.
You worshipped Vehumet.
Vehumet was exalted by your worship.
You were completely stuffed.

You visited 18 branches of the dungeon, and saw 90 of its levels.
You visited Pandemonium 4 times, and saw 25 of its levels.
You visited the Abyss 2 times.
You completed 3 ziggurats, and saw 81 of their levels.
You also visited: Trove, Bailey, Gauntlet, Ice Cave, Wizlab and Desolation.

You collected 6515 gold pieces.
You spent 3354 gold pieces at shops.

Inventory:

Hand Weapons
 x - the +9 staff of Wucad Mu {channel}
   (You found it on level 15 of a ziggurat)
Missiles
 z - 19 throwing nets (quivered)
Armour
 p - a +4 troll leather armour {Snorg}
 t - the +3 robe of Clouds {+Thunder rCloud rElec}
   (You took it off a Cloud Mage in a wizard's laboratory)

   It insulates you from electricity.
 w - the +2 pair of boots of the Nightingale (worn) {SInv}
   (You acquired it on level 19 of a ziggurat)

   It lets you see invisible.
 K - the +2 robe of Vines (worn) {NoPotionHeal Regen+7}
   (You found it on level 7 of Tartarus)

   It increases your rate of regeneration.
 L - the +3 pair of gloves "Dieg" (worn) {rElec Int+4}
   (You found it on level 1 of the Lair of Beasts)

   It affects your intelligence (+4).
   It insulates you from electricity.
 O - the +3 warlock's mirror (worn) {reflect}
   (You found it on level 13 of a ziggurat)
 T - a scarf of repulsion (worn)
 Z - the -2 hat of the Alchemist (worn) {rElec rPois rF+ rC+ rN+ MR+ rMut rCorr}
   (You found it on level 27 of a ziggurat)

   It protects you from fire.
   It protects you from cold.
   It insulates you from electricity.
   It protects you from poison.
   It protects you from negative energy.
   It affects your resistance to hostile enchantments.
   It provides partial protection from all sources of acid and corrosion.
   It protects you from mutation.
Magical Staves
 a - an uncursed staff of power (weapon)
 b - an uncursed staff of energy
Jewellery
 j - the ring of Grace (right hand) {rF+ rC+ MR+ MP+9}
   (You found it on level 27 of a ziggurat)

   [ring of protection from cold]

   It protects you from fire.
   It protects you from cold.
   It affects your resistance to hostile enchantments.
   It affects your magic capacity (+9).
 m - the amulet "Naisk" (around neck) {RegenMP MP+9}
   (You found it on level 20 of a ziggurat)

   [amulet of magic regeneration]

   It increases your magic regeneration.
   It affects your magic capacity (+9).
 u - the amulet of the Four Winds {rN+ MR+++ Clar}
   (You found it on level 26 of a ziggurat)

   [amulet of nothing]

   It protects you from negative energy.
   It affects your resistance to hostile enchantments.
   It protects you against confusion.
 A - the ring of Ephemeral Luck (left hand) {Wiz MP+9}
   (You found it on level 12 of a ziggurat)

   [ring of wizardry]

   It improves your spell success rate.
   It affects your magic capacity (+9).
 S - the ring "Hero's Friend" {Wiz Str+5}
   (You found it on level 24 of a ziggurat)

   [ring of wizardry]

   It improves your spell success rate.
   It affects your strength (+5).
Wands
 d - a wand of clouds (7)
 H - a wand of iceblast (28)
 I - a wand of acid (28)
Scrolls
 e - 6 scrolls of summoning
 f - a scroll of magic mapping
 k - 62 scrolls of teleportation
 o - 43 scrolls of fog
 q - 11 scrolls of fear
 r - 14 scrolls of blinking
 s - 11 scrolls of amnesia
 y - 2 scrolls of identify
 P - 39 scrolls of remove curse
 R - 9 scrolls of immolation
 U - 13 scrolls of holy word
 Y - 5 scrolls of silence
Potions
 g - a potion of magic
 h - 11 potions of invisibility
 i - 11 potions of lignification
 l - 13 potions of flight
 v - 12 potions of agility
 B - a potion of ambrosia
 D - 10 potions of might
 E - 11 potions of heal wounds
 F - 42 potions of mutation
 G - 33 potions of haste
 J - 15 potions of curing
 N - 9 potions of resistance
 W - 15 potions of brilliance
Miscellaneous
 n - a +3 figurine of a ziggurat
 C - the horn of Geryon
 Q - 32 sacks of spiders
 V - 29 boxes of beasts
Comestibles
 c - 41 rations


   Skills:
 O Level 27 Fighting
 + Level 16.0 Armour
 O Level 27 Dodging
 - Level 21.1 Stealth
 O Level 27 Shields
 O Level 27 Spellcasting
 O Level 27 Conjurations
 + Level 23.9 Charms
 + Level 26.1 Necromancy
 - Level 19.6 Translocations
 + Level 19.4 Transmutations
 O Level 27 Fire Magic
 O Level 27 Ice Magic
 O Level 27 Air Magic
 O Level 27 Earth Magic
 O Level 27 Evocations


You couldn't memorise any spells.
You knew the following spells:

 Your Spells              Type           Power        Failure   Level  Hunger
a - Glaciate              Conj/Ice       ########..   1%          9    None
b - Ring of Flames        Chrm/Fire      ########..   1%          7    None
c - Sublimation of Blood  Necr           ########..   1%          2    None
d - Shatter               Erth           ########..   1%          9    None
e - Ignition              Fire           ########..   1%          8    None
f - Fire Storm            Conj/Fire      ########..   1%          9    None
g - Tornado               Air            ########..   1%          9    None
h - Controlled Blink      Tloc           N/A          1%          8    None
i - Necromutation         Tmut/Necr      ########..   1%          8    None
k - Regeneration          Chrm/Necr      ########..   1%          3    None
l - Death's Door          Chrm/Necr      ########..   1%          8    None

Your spell library contained the following spells:

 Spells                   Type           Power        Failure   Level  Hunger
 Animate Skeleton         Necr           N/A          1%          1    None
 Apportation              Tloc           ######       1%          1    None
 Beastly Appendage        Tmut           ######       1%          1    None
 Confusing Touch          Hex            ######       1%          1    None
 Corona                   Hex            ######.      1%          1    None
 Flame Tongue             Conj/Fire      #####        1%          1    None
 Freeze                   Ice            ####         1%          1    None
 Infusion                 Chrm           ####         1%          1    None
 Magic Dart               Conj           ####         1%          1    None
 Pain                     Necr           ####         1%          1    None
 Sandblast                Erth           ######       1%          1    None
 Shock                    Conj/Air       ####         1%          1    None
 Sting                    Conj/Pois      ####         1%          1    None
 Summon Butterflies       Summ           ######..     1%          1    None
 Summon Small Mammal      Summ           ####         1%          1    None
 Blink                    Tloc           N/A          1%          2    None
 Call Imp                 Summ           ######..     1%          2    None
 Corpse Rot               Necr           N/A          1%          2    None
 Ensorcelled Hibernation  Hex/Ice        ######       1%          2    None
 Passwall                 Tmut/Erth      ########     1%          2    None
 Poisonous Vapours        Pois/Air       ######       1%          2    None
 Searing Ray              Conj           ######       1%          2    None
 Shroud of Golubria       Chrm/Tloc      ######       1%          2    None
 Slow                     Hex            ######..     1%          2    None
 Song of Slaying          Chrm           ########     1%          2    None
 Sticks to Snakes         Tmut           ########     1%          2    None
 Swiftness                Chrm/Air       ########     1%          2    None
 Throw Flame              Conj/Fire      ######       1%          2    None
 Throw Frost              Conj/Ice       ######       1%          2    None
 Call Canine Familiar     Summ           ######..     1%          3    None
 Confuse                  Hex            ######..     1%          3    None
 Conjure Flame            Conj/Fire      ########     1%          3    None
 Dazzling Spray           Conj/Hex       ######       1%          3    None
 Gell's Gravitas          Tloc           ########..   1%          3    None
 Ignite Poison            Fire/Tmut/Pois ########     1%          3    None
 Inner Flame              Hex/Fire       ########     1%          3    None
 Lesser Beckoning         Tloc           ########..   1%          3    None
 Mephitic Cloud           Conj/Pois/Air  ########     1%          3    None
 Ozocubu's Armour         Chrm/Ice       ########     1%          3    None
 Portal Projectile        Hex/Tloc       ######       1%          3    None
 Recall                   Summ/Tloc      N/A          1%          3    None
 Spectral Weapon          Hex/Chrm       ########     1%          3    None
 Spider Form              Tmut/Pois      ########..   1%          3    None
 Static Discharge         Conj/Air       ########     1%          3    None
 Stone Arrow              Conj/Erth      ######       1%          3    None
 Summon Guardian Golem    Hex/Summ       ######..     1%          3    None
 Teleport Other           Tloc           ########     1%          3    None
 Tukima's Dance           Hex            ######..     1%          3    None
 Vampiric Draining        Necr           ########..   1%          3    None
 Airstrike                Air            ########..   1%          4    None
 Animate Dead             Necr           N/A          1%          4    None
 Force Lance              Conj/Tloc      ########     1%          4    None
 Fulminant Prism          Conj/Hex       ########..   1%          4    None
 Ice Form                 Ice/Tmut       ########     1%          4    None
 Iskenderun's Mystic Bla  Conj           ########     1%          4    None
 Leda's Liquefaction      Hex/Erth       ########..   1%          4    None
 Olgreb's Toxic Radiance  Pois           ######..     1%          4    None
 Petrify                  Tmut/Erth      ########     1%          4    None
 Sticky Flame             Conj/Fire      ########     1%          4    None
 Summon Ice Beast         Ice/Summ       ########     1%          4    None
 Summon Lightning Spire   Summ/Air       ########     1%          4    None
 Throw Icicle             Conj/Ice       ########     1%          4    None
 Agony                    Necr           ########     1%          5    None
 Alistair's Intoxication  Tmut/Pois      ########     1%          5    None
 Blade Hands              Tmut           ########..   1%          5    None
 Bolt of Draining         Conj/Necr      ########..   1%          5    None
 Bolt of Magma            Conj/Fire/Erth ########..   1%          5    None
 Borgnjor's Vile Clutch   Necr/Erth      ########..   1%          5    None
 Dispel Undead            Necr           ########     1%          5    None
 Excruciating Wounds      Chrm/Necr      ########..   1%          5    None
 Fireball                 Conj/Fire      ########..   1%          5    None
 Irradiate                Conj/Tmut      ########..   1%          5    None
 Iskenderun's Battlesphe  Conj/Chrm      ########     1%          5    None
 Lee's Rapid Deconstruct  Erth           ########..   1%          5    None
 Lightning Bolt           Conj/Air       ########..   1%          5    None
 Metabolic Englaciation   Hex/Ice        ########..   1%          5    None
 Silence                  Hex/Air        ########..   1%          5    None
 Summon Forest            Summ/Tloc      ########..   1%          5    None
 Venom Bolt               Conj/Pois      ########..   1%          5    None
 Yara's Violent Unravell  Hex/Tmut       ########..   1%          5    None
 Bolt of Cold             Conj/Ice       ########..   1%          6    None
 Bolt of Fire             Conj/Fire      ########..   1%          6    None
 Conjure Ball Lightning   Conj/Air       ########..   1%          6    None
 Death Channel            Necr           ########..   1%          6    None
 Deflect Missiles         Chrm/Air       ########..   1%          6    None
 Dispersal                Tloc           ########..   1%          6    None
 Freezing Cloud           Conj/Ice/Air   ########..   1%          6    None
 Hydra Form               Tmut           ########..   1%          6    None
 Iron Shot                Conj/Erth      ########..   1%          6    None
 Ozocubu's Refrigeration  Ice            ########..   1%          6    None
 Simulacrum               Ice/Necr       ########..   1%          6    None
 Statue Form              Tmut/Erth      ########.    1%          6    None
 Dragon Form              Tmut           ########..   1%          7    None
 Haunt                    Necr/Summ      ########..   1%          7    None
 Orb of Destruction       Conj           ########..   1%          7    None
 Spellforged Servitor     Conj/Summ      ########..   1%          7    None
 Borgnjor's Revivificati  Necr           ########..   1%          8    None
 Disjunction              Tloc           ########..   1%          8    None
 Infestation              Necr           ########..   1%          8    None
 Cause Fear               Hex            ######....   2%          4    None
 Malign Gateway           Summ/Tloc      ########..   3%          7    None
 Aura of Abjuration       Summ           ######....   6%          5    None
 Summon Demon             Summ           ######....   6%          5    None
 Summon Mana Viper        Hex/Summ       ######..     6%          5    None
 Darkness                 Hex            ######....   26%         6    None
 Invisibility             Hex            ######..     26%         6    None
 Shadow Creatures         Summ           N/A          26%         6    None
 Monstrous Menagerie      Summ           ######....   77%         7    None
 Summon Greater Demon     Summ           ######....   77%         7    None
 Summon Hydra             Summ           ######....   77%         7    None
 Discord                  Hex            ######....   100%        8    None
 Summon Horrible Things   Summ           ######....   100%        8    None
 Dragon's Call            Summ           ######....   100%        9    None
 Passage of Golubria      Tloc           Unusable     N/A         4    N/A

Dungeon Overview and Level Annotations

Branches:
Dungeon (15/15)            Temple (1/1) D:4            Lair (6/6) D:8
 Shoals (4/4) Lair:3       Spider (4/4) Lair:2        Slime (5/5) Lair:6
    Orc (2/2) D:11            Elf (3/3) Orc:2        Vaults (5/5) D:13
  Crypt (3/3) Vaults:2       Tomb (3/3) Crypt:3      Depths (5/5) D:15
   Hell (visited)             Dis (7/7) Hell            Geh (7/7) Hell
    Coc (7/7) Hell            Tar (7/7) Hell            Zot (5/5) Depths:5
 Bailey (visited)           IceCv (visited)          WizLab (visited)
Desolation (visited)      Gauntlet (visited)

Altars:
Ashenzari
Dithmenos
Elyvilon
Fedhas
Gozag
Kikubaaqudgha
Nemelex Xobeh
Okawaru
Qazlal
Ru
Sif Muna
Trog
Uskayaw
Vehumet
Wu Jian
Xom
Yredelemnul
Zin
The Shining One
Beogh

Shops:
D:7 !   D:11 (   D:12 }   Orc:2 (**   Shoals:2 =%}(   Shoals:4 %   Depths:3 %

Portals:
Hell: Depths:1 Depths:2 Depths:3 Depths:4
Abyss: Depths:3 Depths:4
Pandemonium: Depths:3

Annotations:
D:13 3 runed translucent doors
Spider:4 1 runed translucent door, kelthazard45's ghost, adept SpEn


Innate Abilities, Weirdness & Mutations

You tend to lose your temper in combat.
You are somewhat resistant to further mutation.
You are resistant to electric shocks. (rElec)
Your spells are a little harder to cast, but a little more powerful.


Message History

There is a stone staircase leading down here.
There is a stone staircase leading up here.
You climb upwards.
There is a stone staircase leading down here.
The kobold shouts!
Casting: Shatter (safe; 1% risk of failure)
Confirm with . or Enter, or press ? or * to list all spells.
The dungeon rumbles!
You kill the kobold!
Vehumet accepts your kill.
Ka-crash!
You hear a shout!
There is a stone staircase leading up here.
You climb upwards.
There is a stone staircase leading down here.
Unknown command.
You enter the shallow water.
Moving in this stuff is going to be slow.
There is a large open door here.
There is a staircase leading out of the dungeon here.
You have escaped!

..>........##.##.##...##.........
...........##.......#.####.......
...........###.§§§..#...##.......
...........#≈≈≈≈≈§≈≈≈≈#..........
...........#≈8≈§≈≈≈§8≈...........
.....##.....≈≈8≈≈≈≈8≈§.##..######
.#........##≈≈≈#''#§§≈§.##>.####
.#........#.≈≈≈#..#≈§≈#.###....##
##..........§≈≈#@.#≈§≈#^...###..#
##..........≈≈≈####≈≈≈...#....#(#
............≈≈8≈≈≈≈8≈≈##.####...#
##.[...####.≈8≈≈≈≈≈≈8≈##..# #####
##.....# #.≈≈§§≈≈≈≈≈≈###.##
.......# #...§#####.......######
##....## #....# ##............
###### #....# ####..#######
#....# ####


There were no monsters in sight!

Vanquished Creatures
  Cerebov (Pan)
  Antaeus (Coc:7)
  Asmodeus (Geh:7)
  the Royal Jelly (Slime:5)
  Gloorx Vloq (Pan)
  Ereshkigal (Tar:7)
  Mnoleg (Pan)
  Dispater (Dis:7)
  Lom Lobon (Pan)
  14 ancient liches
  Mennas (Pan)
  22 orbs of fire
  5 juggernauts
  The ghost of Osipn the Impregnable, a veteran MiGl of Hepliaklqana (Crypt:1)
  47 greater mummies
  10 shard shrikes
  17 Killer Klowns
  Saint Roka (Crypt:1)
  Xtahua (Vaults:3)
  Geryon (Hell)
  15 caustic shrikes
  Nikola (Spider:3)
  35 pandemonium lords
  11 profane servitors
  8 pearl dragons (Zig:22)
  43 golden dragons
  21 bone dragons
  An electric golem (Zot:5)
  5 doom hounds
  The ghost of Ryditac the Peltast, an adept MiBe of Trog (Depths:3)
  30 Brimstone Fiends
  A Cloud Mage (WizLab)
  26 Tzitzimimeh
  Arachne (Spider:3)
  8 hellephants
  27 iron giants
  27 tentacled monstrosities
  22 liches
  24 Hell Sentinels
  26 Ice Fiends
  Asterion (Spider:4)
  A quicksilver dragon (shapeshifter) (Zig:11)
  24 Orb Guardians
  13 titans
  19 deep elf master archers
  28 deep elf blademasters
  35 Executioners
  79 acid blobs
  22 tentacled starspawn
  2 death cobs
  18 sphinxes
  6 quicksilver dragons
  5 thorn hunters
  31 ancient champions
  2 shadow dragons (shapeshifter)
  14 storm dragons
  A sphinx (shapeshifter) (Zig:11)
  21 draconian monks
  Donald (Shoals:3)
  8 shadow dragons
  A fire giant (shapeshifter) (Zig:16)
  15 frost giants
  23 nagarajas
  8 tengu reavers
  19 revenants
  39 azure jellies
  14 daevas (Zig:22)
  25 fire giants
  51 ghost moths
  2 azure jellies (shapeshifter)
  34 orc warlords
  27 draconian scorchers
  8 deep elf sorcerers
  11 warmongers
  8 deep elf elementalists
  31 cacodemons
  14 iron dragons
  10 vault wardens
  18 angels
  8 juggernaut zombies
  7 caustic shrike zombies
  3 imperial myrmidons (Desolation)
  72 balrugs
  24 black suns
  17 draconian knights
  20 draconian shifters
  15 curse skulls
  24 emperor scorpions
  17 ironheart preservers
  Louise (Shoals:1)
  27 stone giants
  6 ghouls
  8 juggernaut skeletons
  25 draconian stormcallers
  35 very ugly things
  3 stone giants (shapeshifter)
  19 draconian annihilators
  4 elemental wellsprings
  89 reapers
  20 blood saints
  20 bennus
  7 caustic shrike skeletons
  41 war gargoyles
  14 ophanim (Zig:22)
  12 green draconians
  14 vampire knights
  16 apis (Zig:22)
  14 lorocyprocas
  34 entropy weavers
  15 corrupters
  3 dire elephants (shapeshifter)
  12 dire elephants
  33 deep elf demonologists
  15 black draconians
  29 deep elf annihilators
  2 halazid warlocks (Desolation)
  13 white draconians
  13 yellow draconians
  12 purple draconians
  20 spark wasps
  11 red draconians
  18 merfolk javelineers
  16 eidola
  2 minotaurs
  16 deep elf death magi
  A spectral golden dragon (Zig:9)
  17 death oozes
  16 ettins
  39 blizzard demons
  64 green deaths
  Snorg (D:12)
  26 deep elf high priests
  4 crystal guardians
  A spectral kraken (Tar:7)
  25 fire dragons
  35 mummy priests
  A spectral quicksilver dragon (Zig:18)
  15 yaktaur captains
  18 quicksilver dragon zombies
  18 merfolk impalers
  6 ragged hierophants
  Erolcha (D:10)
  4 jiangshi (Tar:7)
  2 kraken zombies
  14 ogre magi
  26 great orbs of eyes
  45 ice dragons
  34 vault guards
  5 naga warriors
  10 rakshasas
  6 hell beasts
  Harold (D:8)
  39 hydras
  A spectral sphinx (Zig:18)
  2 quicksilver dragon skeletons
  8 ghost crabs
  7 peacekeepers (Desolation)
  An alligator snapping turtle (shapeshifter) (Vaults:5)
  4 anacondas
  17 shambling mangroves
  17 spriggan air magi
  5 merfolk avatars
  7 monstrous demonspawn
  6 centaur warriors
  11 death knights
  6 servants of whispers (Desolation)
  7 catoblepae
  32 two-headed ogres
  52 dancing weapons
  An alligator snapping turtle (Shoals:4)
  A two-headed ogre (shapeshifter) (Zig:19)
  6 satyrs
  2 alligators (Zig:26)
  5 death yaks
  19 merfolk aquamancers
  13 deep troll shamans
  25 death scarabs
  7 tengu warriors
  6 spriggan berserkers
  37 hell hogs
  15 titan zombies
  6 shock serpents
  A spectral storm dragon (Zig:18)
  17 vampire magi
  15 thrashing horrors
  4 naga sharpshooters
  34 orc high priests
  2 shock serpents (shapeshifter)
  21 small abominations
  A spectral elf (Zig:18)
  18 deep troll earth magi
  49 hell knights
  27 deep elf knights
  10 iron golems
  37 sun demons
  40 soul eaters
  12 wretched stars
  15 storm dragon zombies
  12 shadow wraiths
  A fire crab (shapeshifter) (Vaults:3)
  28 iron trolls
  An iron troll (shapeshifter) (Zig:16)
  14 fire crabs
  16 titan skeletons
  19 golden dragon zombies
  17 sea snakes
  111 skeletal warriors
  4 spatial maelstroms
  11 infernal demonspawn
  2 spark wasp zombies
  9 storm dragon skeletons
  15 cherubim (Zig:22)
  2 ghost moth zombies (Coc:2)
  3 salamander mystics
  37 sixfirhies
  An unseen horror (shapeshifter) (Zig:16)
  7 anaconda zombies
  An orange crystal statue (Elf:2)
  3 spriggan druids
  A kraken simulacrum (Coc:5)
  14 unseen horrors
  3 gelid demonspawn
  21 swamp dragons
  47 deep trolls
  35 death drakes
  4 sea snakes (shapeshifter)
  10 glowing orange brains
  37 deep elf archers
  5 torturous demonspawn (Pan)
  31 flayed ghosts
  32 shadow demons
  15 wizards
  Pikel (D:5)
  16 shadow dragon zombies
  2 glowing orange brains (shapeshifter)
  5 obsidian statues
  5 naga ritualists
  11 tengu zombies
  18 iron dragon zombies
  A deep troll (shapeshifter) (Depths:4)
  2 lindwurms (shapeshifter)
  15 ironbrand convokers
  3 wolf spider zombies
  20 orc sorcerers
  26 phantasmal warriors
  24 harpies
  2 wolf spiders (shapeshifter)
  21 necromancers
  3 lindwurms (Depths:2)
  28 orc knights
  A mana viper (shapeshifter) (Elf:3)
  64 large abominations
  50 ugly things
  3 anaconda skeletons
  3 mana vipers
  29 shining eyes
  3 frost giant zombies
  2 spectral spriggans
  102 deep elf magi
  8 sphinx zombies
  15 golden dragon skeletons
  9 tengu skeletons
  6 oklob plants
  A faun (shapeshifter) (Depths:2)
  57 orb spiders
  4 sphinx skeletons
  7 shadow dragon skeletons
  69 wolf spiders
  A cyclops (shapeshifter) (Zig:4)
  3 salamanders
  3 stone giant zombies
  22 fauns
  A shining eye (shapeshifter) (Zig:17)
  7 fire giant zombies
  7 worldbinders
  35 moths of wrath
  A moth of wrath (shapeshifter) (Zig:17)
  12 elephants
  13 iron dragon skeletons
  21 manticores
  Maurice (Orc:2)
  12 cyclopes
  2 dire elephant zombies
  3 elephants (shapeshifter)
  2 frost giant skeletons
  6 stone giant skeletons
  A black mamba (shapeshifter) (Depths:1)
  A shock serpent zombie (Tar:3)
  2 fire giant skeletons
  14 apocalypse crabs
  12 merfolk sirens
  16 spriggan zombies
  2 torpor snails (shapeshifter)
  37 black mambas
  12 ice statues
  56 rust devils
  17 guardian serpents
  28 water nymphs
  A shock serpent skeleton (Geh:4)
  16 vault sentinels
  32 smoke demons
  8 naga magi
  28 orange demons
  A guardian serpent (shapeshifter) (Zig:17)
  13 eyes of devastation
  11 molten gargoyles
  5 centaur skeletons
  8 gargoyles
  27 torpor snails
  An eye of devastation (shapeshifter) (Zig:10)
  70 hellions
  12 spriggan skeletons
  A catoblepas zombie (Dis:7)
  2 emperor scorpion zombies
  26 spiny frogs
  5 dire elephant skeletons
  2 rime drakes (shapeshifter)
  34 yaktaurs
  2 yaktaurs (shapeshifter)
  11 spectral swamp worms
  3 komodo dragons (shapeshifter)
  A spiny frog (shapeshifter) (Zig:21)
  An iron troll zombie (Crypt:2)
  51 freezing wraiths
  11 komodo dragons
  79 tormentors
  12 hellwings
  59 guardian mummies
  12 hydra zombies
  19 efreet
  12 rime drakes
  A yellow draconian zombie (Crypt:1)
  19 ancient zymes
  7 kobold demonologists
  A redback zombie (D:13)
  6 tengu conjurers
  52 demonic crawlers
  44 ice devils
  53 red devils
  A catoblepas skeleton (Coc:5)
  2 merfolk (shapeshifter)
  81 jumping spiders
  21 trolls
  71 merfolk
  A queen bee (shapeshifter) (Zig:27)
  A jumping spider (shapeshifter) (Zig:11)
  A meliai (D:12)
  A meliai (shapeshifter) (D:13)
  55 hornets
  A slime creature (shapeshifter) (Zig:17)
  7 tyrant leeches
  23 polar bears
  11 wind drakes
  A shadow dragon simulacrum (Coc:2)
  113 slime creatures
  13 blink frogs
  5 fire dragon zombies
  A dream sheep (shapeshifter) (Zig:17)
  An iron dragon simulacrum (Zig:19)
  5 ice dragon zombies
  A satyr zombie (Crypt:3)
  4 hydra skeletons
  5 alligator zombies
  5 harpy skeletons
  2 ice dragon skeletons
  15 dream sheep
  57 saltlings
  5 ettin zombies
  9 snapping turtles
  9 bog bodies
  9 raiju
  A hippogriff (shapeshifter) (Zig:16)
  19 air elementals
  17 hippogriffs
  3 snapping turtles (shapeshifter)
  2 fire giant simulacra
  A stone giant simulacrum (Crypt:1)
  66 tarantellas
  2 fire dragon skeletons
  141 flying skulls
  2 tarantellas (shapeshifter)
  A centaur simulacrum (D:15)
  2 vampires
  11 spriggans
  25 shadows
  2 black mamba zombies
  A redback (shapeshifter) (Depths:4)
  60 wraiths
  6 wyverns
  6 alligator skeletons
  27 starcursed masses
  56 yaks
  A spriggan (shapeshifter) (Vaults:5)
  35 ushabtiu
  11 basilisks
  A fire bat (Zig:24)
  21 water elementals
  25 ynoxinuls
  4 hogs (D:8)
  149 redbacks
  A hog (shapeshifter) (Depths:4)
  A human (D:8)
  34 elf zombies
  2 black mamba skeletons
  27 fire elementals
  A fire bat (shapeshifter) (Depths:4)
  16 chaos spawn
  17 golden eyes
  2 hungry ghosts
  37 neqoxecs
  2 elf simulacra
  A redback simulacrum (D:15)
  4 steam dragons (Lair:3)
  A vampire mosquito (D:13)
  9 wargs
  A catoblepas simulacrum (Crypt:1)
  34 elf skeletons
  Menkaure (D:5)
  A yaktaur simulacrum (Depths:1)
  6 insubstantial wisps
  A glowing shapeshifter zombie (Crypt:1)
  4 acid dragons
  An acid dragon (shapeshifter) (Depths:2)
  6 nagas
  12 spiny frog zombies
  Edmund (D:4)
  86 hell hounds
  A water moccasin (shapeshifter) (Vaults:5)
  2 hydra simulacra
  2 soldier ants (D:13)
  10 floating eyes
  24 water moccasins
  5 porcupines
  A floating eye (shapeshifter) (Zig:10)
  A torturous demonspawn skeleton (Crypt:3)
  6 swamp drakes
  115 orc warriors
  22 ice beasts
  5 spiny frog skeletons
  23 eyes of draining
  An eye of draining (shapeshifter) (Vaults:3)
  3 black bears
  10 phantoms
  A sky beast (D:9)
  2 alligator simulacra (Hell)
  20 necrophages
  A fire dragon simulacrum (Coc:7)
  4 snapping turtle zombies
  53 ogres
  An ogre (shapeshifter) (Vaults:5)
  A boggart (Depths:5)
  22 wolves
  2 swamp dragon skeletons
  23 centaurs
  A centaur (shapeshifter) (Depths:2)
  6 snapping turtle skeletons
  17 big kobolds
  22 crocodiles
  15 bullfrogs
  Blork the orc (D:4)
  7 earth elementals
  A salamander zombie (Crypt:3)
  2 gnoll sergeants
  A human skeleton (Vaults:2)
  3 wyvern zombies
  A draconian skeleton (Crypt:1)
  A spiny frog simulacrum (Tomb:3)
  3 wyvern skeletons
  4 scorpions
  A water moccasin zombie (D:9)
  10 killer bees
  68 wights
  A troll skeleton (Tar:2)
  A howler monkey (D:6)
  An electric eel (Lair:3)
  4 centaur zombies
  2 bullfrog zombies
  23 crimson imps
  A human simulacrum (Vaults:2)
  3 quasits
  2 human zombies
  44 iron imps
  5 jellies
  38 orc priests
  2 gnoll shamans
  9 hounds
  2 bullfrog skeletons
  Natasha (thrice) (D:4)
  32 orc wizards
  5 iguanas
  15 worker ants
  Terence (D:3)
  3 lightning spires (Zig:20)
  A felid zombie (Crypt:2)
  An acid dragon zombie (Crypt:1)
  A naga skeleton (Tar:1)
  129 mummies
  A hound skeleton (D:9)
  A howler monkey zombie (D:6)
  3 worker ant zombies
  40 gnolls
  14 adders
  A swamp drake skeleton (Crypt:3)
  16 shadow imps
  22 white imps
  5 ufetubi
  4 oozes
  An adder skeleton (D:5)
  5 worms
  A dart slug (D:2)
  8 leopard geckos
  132 orcs
  2 ball pythons
  10 giant cockroaches
  22 goblins
  14 hobgoblins
  16 jackals
  3 quokkas
  7 bats
  A dart slug zombie (Crypt:3)
  4 frilled lizards
  A jackal skeleton (Crypt:2)
  33 kobolds
  2 orc zombies
  A quokka zombie (D:5)
  5 rats
  79 blocks of ice
  11 briar patches (Abyss:5)
  3 bushes
  12 crawling corpses
  4 demonic plants (Pan)
  195 fire vortices
  5 fungi
  30 plants
  12 starspawn tentacles
  A tentacle (Tar:7)
8539 creatures vanquished.

Vanquished Creatures (collateral kills)
  2 bone dragons
  A lich (Vaults:3)
  6 acid blobs
  2 titans
  An Executioner (Zig:23)
  A thorn hunter (Zig:6)
  A revenant (Zig:23)
  A draconian monk (Zig:16)
  An azure jelly (Zig:19)
  A daeva (Zig:22)
  2 draconian knights
  A vault warden (Vaults:1)
  A warmonger (Pan)
  An ironheart preserver (Vaults:5)
  A draconian scorcher (Zig:25)
  An angel (Zig:22)
  A draconian annihilator (Zig:25)
  5 reapers
  2 stone giants
  A war gargoyle (Zig:18)
  A caustic shrike skeleton (Zig:27)
  A stone giant (shapeshifter) (Zig:16)
  2 green draconians (Zig:25)
  2 apis (Zig:22)
  A vampire knight (Zig:22)
  A spark wasp (Depths:3)
  A red draconian (Zig:25)
  A purple draconian (Zig:25)
  A black draconian (Zig:25)
  A deep elf death mage (Zig:10)
  2 green deaths
  A quicksilver dragon zombie (Zig:25)
  A spectral kraken (Tar:7)
  An ogre mage (Vaults:5)
  A rakshasa (Pan)
  A hydra (Zig:26)
  A death knight (Zig:18)
  A death scarab (Zig:23)
  2 soul eaters
  A titan zombie (Zig:22)
  A storm dragon zombie (Zig:21)
  2 storm dragon skeletons
  2 titan skeletons
  A glowing orange brain (Slime:3)
  A golden dragon zombie (Zig:27)
  A death drake (Zig:26)
  2 swamp dragons (Zig:26)
  A gelid demonspawn (Pan)
  An infernal demonspawn (Pan)
  A tengu zombie (Zig:25)
  A golden dragon skeleton (Zig:25)
  A shadow dragon skeleton (Zig:27)
  2 ugly things (Depths:2)
  A wolf spider (Spider:2)
  An iron dragon zombie (Zig:25)
  A necromancer (Depths:3)
  4 slime creatures
  3 sphinx skeletons
  A smoke demon (Pan)
  2 elf zombies
  A spectral swamp worm (Depths:2)
  2 elf skeletons
  A yaktaur zombie (Depths:1)
  A freezing wraith (Vaults:4)
  A tormentor (Zig:7)
  A demonic crawler (Spider:3)
  A hellwing (Zig:24)
  A saltling (Desolation)
  A flying skull (Zig:25)
  An alligator skeleton (Coc:7)
  A wraith (Zig:22)
  2 redbacks (Spider:4)
  An ushabti (Tomb:2)
  3 golden eyes
  A floating eye (Zig:21)
  A swamp drake (Zig:6)
  A necrophage (Tar:7)
  An ogre (Depths:1)
  A killer bee (shapeshifter) (Depths:4)
  A wight (Zig:21)
  5 mummies
  2 white imps (Zig:27)
  A crawling corpse (Vaults:5)
119 creatures vanquished.

Vanquished Creatures (others)
  A curse toe (Zot:4)
  A golden dragon (Vaults:5)
  An iron giant (Zig:24)
  4 deep elf master archers
  An eldritch tentacle (Pan)
  A revenant (Tomb:2)
  A stone giant (Zig:19)
  An elemental wellspring (Coc:5)
  A sun demon (Pan)
  A spriggan zombie (Zig:24)
  An apocalypse crab (Zig:16)
  A rime drake (Depths:2)
  A hellwing (Pan)
  A merfolk (Zig:10)
  A hornet (Depths:5)
  A flying skull (Coc:7)
  A hell hound (Zig:24)
  An orc (Orc:2)
  84 blocks of ice
  A bush (Lair:6)
  1498 fire vortices
  9 fungi
  8 plants
  9 starspawn tentacles
  11 tentacles
  2 withered plants (Depths:3)
1643 creatures vanquished.

Grand Total: 10301 creatures vanquished

Notes
Turn   | Place    | Note
-------+----------+-------------------------------------------
     0 | D:1      | Arthanis the Deep Elf Fire Elementalist began the quest for
                  | the Orb.
     0 | D:1      | Reached XP level 1. HP: 10/10 MP: 6/6
    56 | D:1      | Reached XP level 2. HP: 15/15 MP: 2/8
   347 | D:1      | Reached XP level 3. HP: 16/19 MP: 3/9
   352 | D:1      | Learned a level 3 spell: Conjure Flame
   731 | D:2      | Reached XP level 4. HP: 9/24 MP: 3/11
  1234 | D:2      | Learned a level 4 spell: Sticky Flame
  1445 | D:2      | Found a glowing silver altar of Zin.
  1536 | D:3      | Reached XP level 5. HP: 11/28 MP: 5/13
  1640 | D:3      | Reached skill level 5 in Fire Magic
  1706 | D:3      | Noticed Terence
  1714 | D:3      | Killed Terence
  1845 | D:3      | Reached XP level 6. HP: 15/32 MP: 6/14
  1868 | D:3      | Learned a level 5 spell: Fireball
  2136 | D:3      | Found an opulent altar of Gozag.
  2449 | D:4      | Found a blossoming altar of Fedhas.
  2461 | D:4      | Noticed Natasha
  2468 | D:4      | Killed Natasha
  2474 | D:4      | Reached skill level 5 in Spellcasting
  2474 | D:4      | Reached skill level 5 in Conjurations
  2686 | D:4      | Found a staircase to the Ecumenical Temple.
  2696 | Temple   | Entered the Ecumenical Temple
  2833 | Temple   | Became a worshipper of Vehumet
  2861 | Temple   | Reached XP level 7. HP: 4/36 MP: 5/16
  3154 | D:4      | Noticed Natasha
  3161 | D:4      | Killed Natasha
  3162 | D:4      | Noticed Edmund
  3324 | D:4      | Killed Edmund
  3628 | D:4      | Noticed Natasha
  3633 | D:4      | Killed Natasha
  3650 | D:4      | Noticed Blork the orc
  3678 | D:4      | Killed Blork the orc
  4018 | D:5      | Entered Level 5 of the Dungeon
  4195 | D:5      | Reached XP level 8. HP: 41/41 MP: 10/19
  4247 | D:5      | Reached * piety under Vehumet
  4247 | D:5      | Offered knowledge of Freeze by Vehumet.
  4602 | D:5      | Learned a level 1 spell: Freeze
  4809 | D:5      | Noticed Pikel
  4821 | D:5      | Killed Pikel
  4821 | D:5      | Reached XP level 9. HP: 37/45 MP: 18/22
  5000 | D:5      | Noticed Menkaure
  5004 | D:5      | Killed Menkaure
  5439 | D:6      | Found a glowing golden altar of the Shining One.
  5883 | D:7      | Reached skill level 1 in Evocations
  5906 | D:7      | Reached ** piety under Vehumet
  5906 | D:7      | Offered knowledge of Throw Frost by Vehumet.
  5929 | D:7      | Learned a level 2 spell: Throw Frost
  5956 | D:7      | Found a sacrificial altar of Ru.
  6142 | D:7      | Found a stormy altar of Qazlal.
  6153 | D:7      | Found a white marble altar of Elyvilon.
  6157 | D:7      | Found a glowing golden altar of the Shining One.
  6342 | D:7      | Found Quote's Distillery.
  6358 | D:7      | Bought a potion of mutation for 112 gold pieces
  6358 | D:7      | Bought a potion of haste for 140 gold pieces
  6488 | D:8      | Noticed Harold
  6491 | D:8      | Found an opulent altar of Gozag.
  6494 | D:8      | HP: 1/45 [Harold/+0 glaive (26)]
  6721 | D:8      | Found a staircase to the Lair.
  6822 | D:8      | Reached skill level 10 in Fire Magic
  6873 | D:8      | Killed Harold
  6873 | D:8      | Reached XP level 10. HP: 33/50 MP: 4/24
  7318 | D:8      | Reached skill level 10 in Conjurations
  7426 | D:8      | Offered knowledge of Searing Ray by Vehumet.
  7769 | D:9      | Found an iron altar of Okawaru.
  7814 | D:9      | Reached *** piety under Vehumet
  8266 | D:10     | Entered Level 10 of the Dungeon
  8276 | D:10     | Offered knowledge of Throw Icicle by Vehumet.
  8291 | D:10     | Noticed Erolcha
  8296 | D:10     | Killed Erolcha
  8439 | D:10     | Reached skill level 10 in Spellcasting
  8745 | D:10     | Noticed a gargoyle
  8749 | D:10     | Killed a gargoyle
  8749 | D:10     | Reached XP level 11. HP: 42/54 MP: 21/27
  8887 | D:11     | Noticed a red ugly thing
  9259 | D:11     | Reached **** piety under Vehumet
  9298 | D:11     | Found a staircase to the Orcish Mines.
  9298 | D:11     | Found Qodiafre's Weapon Shoppe.
  9313 | D:11     | Offered knowledge of Bolt of Magma by Vehumet.
  9313 | D:11     | Reached skill level 1 in Armour
  9324 | D:11     | Learned a level 5 spell: Bolt of Magma
  9690 | D:11     | You fall into a shaft and drop 3 floors!
  9907 | D:13     | Noticed a vault guard
  9911 | D:13     | Noticed a vault guard
  9917 | D:12     | Noticed a cyan ugly thing
  9921 | D:12     | Killed a cyan ugly thing
 10168 | D:12     | Found a portal to a secret trove of treasure.
 10172 | D:12     | Noticed a white ugly thing
 10229 | D:12     | Noticed Snorg
 10233 | D:12     | Killed Snorg
 10282 | D:12     | Killed a white ugly thing
 10385 | D:12     | Noticed an unseen horror
 10388 | D:12     | Killed an unseen horror
 10576 | D:12     | Noticed a green ugly thing
 10578 | D:12     | Noticed a brown ugly thing
 10579 | D:12     | Killed a green ugly thing
 10579 | D:12     | Reached XP level 12. HP: 59/59 MP: 17/29
 10598 | D:12     | Reached ***** piety under Vehumet
 10598 | D:12     | Reached skill level 5 in Evocations
 10673 | D:12     | Offered knowledge of Poison Arrow by Vehumet.
 10673 | D:12     | Reached skill level 5 in Dodging
 10870 | D:12     | Found Vialetan's Gadget Emporium.
 10878 | D:12     | Bought a wand of iceblast (8) for 180 gold pieces
 10878 | D:12     | Bought a wand of iceblast (7) for 165 gold pieces
 11291 | D:13     | Noticed a vault guard
 11931 | D:13     | Killed a vault guard
 11934 | D:13     | Noticed a vault guard
 11935 | D:13     | Noticed a vault guard
 11935 | D:13     | Noticed a vault guard
 11938 | D:13     | Killed a vault guard
 11942 | D:13     | Noticed a centaur warrior
 11948 | D:12     | Killed a vault guard
 12111 | D:13     | Noticed a vault guard
 12561 | D:13     | Noticed a centaur warrior
 12566 | D:13     | Killed a centaur warrior
 12781 | D:13     | Reached XP level 13. HP: 63/63 MP: 30/30
 13282 | D:13     | Offered knowledge of Lee's Rapid Deconstruction by Vehumet.
 13594 | D:13     | Found a runed translucent gate.
 13595 | D:13     | Noticed a green very ugly thing
 13596 | D:13     | Found a runed translucent gate.
 13597 | D:13     | Found a runed translucent gate.
 13597 | D:13     | Noticed a green very ugly thing
 13767 | D:13     | Identified a scroll of acquirement
 13933 | D:13     | Reached skill level 15 in Fire Magic
 13950 | D:13     | Identified the +8 hunting sling of Rykuvop {speed, Dex+4
                  | SInv}
 14062 | D:13     | Identified Hiredy's Reference Book on Supportive
                  | Malediction
 14260 | D:13     | Found a gate to the Vaults.
 14624 | D:14     | Reached XP level 14. HP: 42/68 MP: 33/33
 14634 | D:14     | Reached skill level 15 in Conjurations
 15427 | D:15     | Entered Level 15 of the Dungeon
 15489 | D:15     | Found a gate leading to a gauntlet.
 15582 | Gauntlet | Entered a Gauntlet
 15582 | Gauntlet | Found a transporter.
 15582 | Gauntlet | Found a transporter.
 15586 | Gauntlet | Found a transporter.
 15587 | Gauntlet | Found a transporter.
 15588 | Gauntlet | Found a large runed translucent door.
 15589 | Gauntlet | Found a large runed translucent door.
 15590 | Gauntlet | Found a large runed translucent door.
 15590 | Gauntlet | Found a large runed translucent door.
 15590 | Gauntlet | Found a runed translucent door.
 15592 | Gauntlet | Found a runed translucent door.
 15593 | Gauntlet | Found a large runed translucent door.
 15593 | Gauntlet | Found a large runed translucent door.
 15593 | Gauntlet | Found a large runed translucent door.
 15593 | Gauntlet | Found a large runed translucent door.
 15594 | Gauntlet | Found a large runed translucent door.
 15595 | Gauntlet | Found a large runed translucent door.
 15608 | Gauntlet | Found a transporter.
 15630 | Gauntlet | Got a jewelled helmet
 15637 | Gauntlet | Identified the +2 helmet "Dabbiock" {rC+ MR- Str+3 Dex+3}
                  | (You found it in a Gauntlet)
 15639 | Gauntlet | Found a transporter.
 15645 | Gauntlet | Found a large runed translucent door.
 15646 | Gauntlet | Found a large runed translucent door.
 15646 | Gauntlet | Found a large runed translucent door.
 15647 | Gauntlet | Found a large runed translucent door.
 15648 | Gauntlet | Found a large runed translucent door.
 15649 | Gauntlet | Found a large runed translucent door.
 15653 | Gauntlet | Found a runed translucent gate.
 15653 | Gauntlet | Found a runed translucent gate.
 15653 | Gauntlet | Found a runed translucent gate.
 15654 | Gauntlet | Found a transporter.
 15673 | Gauntlet | Offered knowledge of Conjure Ball Lightning by Vehumet.
 15781 | Gauntlet | Found a transporter.
 15782 | Gauntlet | Found a transporter.
 15792 | Gauntlet | Found a transporter.
 15804 | Gauntlet | Found a transporter.
 15819 | Gauntlet | Got a pair of distressingly furry gloves
 15933 | Gauntlet | Identified the +1 pair of gloves of Death's Door {rPois
                  | Int-4 Dex+4} (You found it in a Gauntlet)
 15944 | Gauntlet | Learned a level 7 spell: Orb of Destruction
 15950 | Gauntlet | Learned a level 5 spell: Iskenderun's Battlesphere
 16112 | D:15     | Reached skill level 1 in Shields
 16285 | D:15     | Found a staircase to the Depths.
 16447 | Lair:1   | Entered Level 1 of the Lair of Beasts
 16468 | Lair:1   | Found a basalt altar of Yredelemnul.
 16883 | Lair:1   | Got a pair of ichor-stained gloves
 16938 | Lair:1   | Reached skill level 1 in Fighting
 17528 | Lair:2   | Identified the +3 pair of gloves "Dieg" {rElec Int+4} (You
                  | found it on level 1 of the Lair of Beasts)
 17917 | Lair:2   | Found a hole to the Spider Nest.
 18295 | Lair:3   | Found a staircase to the Shoals.
 18541 | Lair:3   | Reached XP level 15. HP: 75/75 MP: 34/34
 18606 | Lair:3   | Got a pair of ichor-stained gloves
 19559 | Lair:4   | Reached skill level 10 in Dodging
 19637 | Lair:4   | Offered knowledge of Bolt of Draining by Vehumet.
 20694 | Lair:6   | Entered Level 6 of the Lair of Beasts
 20706 | Lair:6   | Found a frozen archway.
 20748 | Lair:6   | Identified the +1 pair of gloves of the Sailor {rElec rF+
                  | rC- rN+} (You acquired it on level 3 of the Lair of Beasts)
 20776 | IceCv    | Entered an ice cave
 20820 | IceCv    | Got a jewelled scythe
 21360 | IceCv    | HP: 3/77 [something (13)]
 21418 | IceCv    | Noticed a frost giant
 21427 | IceCv    | Killed a frost giant
 21557 | Lair:6   | Offered knowledge of Bolt of Fire by Vehumet.
 21757 | Lair:6   | Found a staircase to the Slime Pits.
 23197 | Orc:1    | Entered Level 1 of the Orcish Mines
 23230 | Orc:1    | Found a flagged portal.
 23298 | Bailey   | Entered a bailey
 23351 | Bailey   | Learned a level 6 spell: Bolt of Fire
 23454 | Bailey   | Reached XP level 16. HP: 84/84 MP: 36/36
 23471 | Bailey   | Reached ****** piety under Vehumet
 23473 | Bailey   | Offered knowledge of Poison Arrow by Vehumet.
 23701 | Bailey   | Reached skill level 1 in Ice Magic
 23866 | Orc:1    | Found a bloodstained altar of Trog.
 23895 | Orc:1    | Found a bloodstained altar of Trog.
 24127 | Orc:2    | Entered Level 2 of the Orcish Mines
 24348 | Orc:2    | Identified the cursed +2 scythe of the Lame Duck {pain,
                  | rElec rPois} (You found it in an ice cave)
 24391 | Orc:2    | Offered knowledge of Poison Arrow by Vehumet.
 24503 | Orc:2    | Got a scorched leather armour
 24562 | Orc:2    | Found a staircase to the Elven Halls.
 24710 | Orc:2    | Noticed Maurice
 24712 | Orc:2    | Killed Maurice
 24721 | Orc:2    | Found Datzi's Antique Weapon Emporium.
 24768 | Orc:2    | Found a roughly hewn altar of Beogh.
 24889 | Orc:2    | Found Kerugicu's General Store.
 25032 | Orc:2    | Found Peaps's Assorted Antiques.
 25040 | Orc:2    | Bought a scroll of teleportation for 78 gold pieces
 25040 | Orc:2    | Bought a pair of ancient gloves for 247 gold pieces
 25051 | Orc:2    | Found a roughly hewn altar of Beogh.
 25377 | Orc:2    | Found Jaanula's Distillery.
 25392 | Orc:2    | Bought a potion of heal wounds for 70 gold pieces
 25392 | Orc:2    | Bought a potion of curing for 42 gold pieces
 25392 | Orc:2    | Bought a potion of invisibility for 112 gold pieces
 25392 | Orc:2    | Bought 2 potions of invisibility for 224 gold pieces
 25392 | Orc:2    | Bought a potion of mutation for 112 gold pieces
 25392 | Orc:2    | Bought a potion of heal wounds for 70 gold pieces
 25392 | Orc:2    | Bought 2 potions of invisibility for 224 gold pieces
 25392 | Orc:2    | Bought a potion of brilliance for 56 gold pieces
 25392 | Orc:2    | Bought a potion of flight for 42 gold pieces
 25392 | Orc:2    | Bought a potion of agility for 56 gold pieces
 25392 | Orc:2    | Bought a potion of curing for 42 gold pieces
 25729 | Elf:1    | Entered Level 1 of the Elven Halls
 25806 | Elf:1    | Learned a level 8 spell: Ignition
 25860 | Elf:1    | Reached skill level 15 in Spellcasting
 25984 | Elf:1    | Offered knowledge of Fire Storm by Vehumet.
 25984 | Elf:1    | Offered knowledge of Glaciate by Vehumet.
 25984 | Elf:1    | Offered knowledge of Shatter by Vehumet.
 26032 | Elf:1    | Identified the +2 pair of gloves of Time Monsters {Int+2}
                  | (You bought it in a shop on level 2 of the Orcish Mines)
 26205 | Elf:1    | Identified Juomen's Catalogue of Confrontation
 26433 | Elf:1    | You fall into a shaft and drop 1 floor!
 26442 | Elf:2    | Found a runed translucent gate.
 26442 | Elf:2    | Found a runed translucent gate.
 26442 | Elf:2    | Found a runed translucent gate.
 26446 | Elf:2    | Noticed a deep elf blademaster
 27027 | Elf:2    | Reached XP level 17. HP: 88/88 MP: 38/38
 27084 | Elf:2    | Identified the cursed +1 leather armour of Hairiness
                  | {+Blink +Inv rF+ Str-4} (You found it on level 2 of the
                  | Orcish Mines)
 27282 | Elf:2    | Killed a deep elf blademaster
 27282 | Elf:2    | Reached skill level 10 in Evocations
 27770 | Elf:3    | Entered Level 3 of the Elven Halls
 27837 | Elf:3    | Found a radiant altar of Vehumet.
 28249 | Elf:3    | Noticed a deep elf blademaster
 28249 | Elf:3    | Noticed a deep elf blademaster
 28250 | Elf:3    | Killed a deep elf blademaster
 28250 | Elf:3    | Killed a deep elf blademaster
 28257 | Elf:3    | Noticed a deep elf master archer
 28258 | Elf:3    | Reached XP level 18. HP: 82/94 MP: 40/40
 28329 | Elf:3    | Identified the ring of Awaabigu {rPois rF- rC+ EV+4 Dex+3}
 28460 | Elf:3    | Found the cursed necklace of Bloodlust {*Rage +Rage MR++
                  | Int-3 Slay+6 *Curse}
 28568 | Elf:3    | Learned a level 9 spell: Fire Storm
 28571 | Elf:3    | Learned a level 2 spell: Blink
 28862 | Shoals:1 | Entered Level 1 of the Shoals
 29081 | Shoals:1 | Noticed Louise
 29085 | Shoals:1 | Killed Louise
 29139 | Shoals:2 | Found Difu's Antique Weapon Shop.
 29209 | Shoals:2 | Found Wyuk's Gadget Shoppe.
 29242 | Shoals:2 | Bought a wand of iceblast (8) for 216 gold pieces
 29242 | Shoals:2 | Bought a wand of acid (7) for 396 gold pieces
 29299 | Shoals:2 | Found Haxav's Food Boutique.
 29347 | Shoals:3 | Reached skill level 5 in Fighting
 29363 | Shoals:3 | Noticed Donald
 29367 | Shoals:3 | Killed Donald
 29535 | Shoals:2 | Found Pipamoav's Jewellery Shoppe.
 29638 | Shoals:4 | Entered Level 4 of the Shoals
 29713 | Shoals:4 | Identified Neefoaf's Handbook of Stones and the Birds
 29726 | Shoals:4 | Found Wem Lanu's Food Boutique.
 29927 | Shoals:4 | Reached XP level 19. HP: 103/103 MP: 42/42
 30020 | Shoals:4 | Got a barnacled rune of Zot
 30252 | Shoals:2 | Bought an uncursed ring of poison resistance for 280 gold
                  | pieces
 30391 | Spider:1 | Entered Level 1 of the Spider Nest
 31326 | Spider:3 | Noticed Arachne
 31331 | Spider:3 | Killed Arachne
 31406 | Spider:3 | Noticed Nikola
 31412 | Spider:3 | Killed Nikola
 31437 | Spider:4 | Entered Level 4 of the Spider Nest
 31562 | Spider:4 | Found a runed translucent door.
 31562 | Spider:4 | Noticed kelthazard45's ghost (adept SpEn)
 31714 | Spider:4 | Noticed Asterion
 31716 | Spider:4 | Killed Asterion
 31753 | Spider:4 | Reached XP level 20. HP: 112/112 MP: 42/43
 31980 | Spider:4 | Got a gossamer rune of Zot
 32295 | Vaults:1 | Entered Level 1 of the Vaults
 32327 | Vaults:1 | Found a magical portal.
 32784 | WizLab   | Identified the Disquisition on Air
 32799 | WizLab   | Got a vibrating golden ring
 32803 | WizLab   | Identified the ring of Freedom {+Fly Str+2} (You found it
                  | in a wizard's laboratory)
 33004 | Vaults:2 | Reached skill level 15 in Dodging
 33138 | Vaults:3 | Noticed Xtahua
 33151 | Vaults:3 | Killed Xtahua
 33151 | Vaults:3 | Reached skill level 5 in Armour
 33226 | Vaults:3 | Found a ruined gateway.
 33231 | Desolati | Entered the Desolation of Salt
 33535 | Desolati | Identified the ring "Jaseutif" {MR+ Int+7}
 33538 | Desolati | Reached XP level 21. HP: 121/121 MP: 45/45
 33579 | Desolati | Got a crude robe
 33648 | Desolati | Got a scorched lead ring
 33651 | Desolati | Identified the ring "Woxuj" {Int+3 Dex+4 Stlth+} (You found
                  | it in the Desolation of Salt)
 33790 | Vaults:3 | Reached skill level 10 in Fighting
 33841 | Vaults:4 | HP: 3/122 [deep troll earth mage[an ironheart preserver]
                  | (14)]
 33995 | Vaults:4 | Found a radiant altar of Vehumet.
 34003 | Vaults:4 | Identified the +2 robe "Oketegredd" {Int+2}
 34043 | Vaults:4 | Got a twisted robe
 34055 | Vaults:4 | Identified the cursed +1 robe of the Eagle {rPois rF+++ MR-
                  | Int-3} (You found it on level 4 of the Vaults)
 34083 | Vaults:4 | Identified the cursed +0 robe of Salvation {rN+ Str+3} (You
                  | found it in the Desolation of Salt)
 34274 | Vaults:4 | Learned a level 9 spell: Glaciate
 34433 | Vaults:4 | Reached XP level 22. HP: 128/128 MP: 46/46
 34439 | Vaults:5 | Entered Level 5 of the Vaults
 34441 | Vaults:5 | Noticed a golden dragon
 34444 | Vaults:5 | Killed a golden dragon
 34475 | Vaults:5 | Reached skill level 5 in Ice Magic
 34479 | Vaults:5 | Noticed a golden dragon
 34481 | Vaults:5 | Reached XP level 23. HP: 81/135 MP: 41/48
 34841 | Vaults:5 | Identified the Incunabulum of Frigorific Stolen Souls
 34858 | Vaults:5 | Got a heavily runed golden ring
 34868 | Vaults:5 | Identified the ring of Recklessness {MR++ rCorr} (You found
                  | it on level 5 of the Vaults)
 34932 | Vaults:5 | Got a crude robe
 35064 | Vaults:5 | Got a silver rune of Zot
 35074 | Vaults:5 | Got a scorched graven amulet
 35178 | Vaults:5 | Got a shimmering great mace
 35530 | Depths:1 | Entered Level 1 of the Depths
 35623 | Depths:1 | Noticed a caustic shrike
 35626 | Depths:1 | Noticed a caustic shrike
 35627 | Depths:1 | Killed a caustic shrike
 35627 | Depths:1 | Reached XP level 24. HP: 112/142 MP: 14/49
 35776 | Depths:1 | Found a gateway to Hell.
 35810 | Depths:1 | Identified the ring "Heegouco" {rElec rPois Stlth+}
 35906 | Depths:1 | Got a brightly glowing jade ring
 36286 | Depths:1 | Identified the Almanac of Contamination
 36300 | Depths:1 | Learned a level 7 spell: Ring of Flames
 36970 | Depths:2 | Identified the +1 robe "Jeoziag" {Str+10 Slay-3} (You found
                  | it on level 5 of the Vaults)
 37317 | Depths:2 | Identified the Papyrus of Summoning and the Frostbite
 37369 | Depths:2 | Learned a level 2 spell: Sublimation of Blood
 37377 | Depths:2 | Got a clouded jade ring
 37379 | Depths:2 | Got a glittering lead amulet
 37383 | Depths:2 | Got a steaming tin ring
 37385 | Depths:2 | Got a faintly glowing turquoise ring
 37395 | Depths:2 | Identified the ring "Teryny" {Ice MR+ Int-5 Dex+4} (You
                  | found it on level 2 of the Depths)
 37397 | Depths:2 | Identified the ring "Lueheigh" {+Inv Slay+3 Stlth+} (You
                  | found it on level 2 of the Depths)
 37399 | Depths:2 | Identified the ring of Rusops {rPois Dex+4} (You found it
                  | on level 1 of the Depths)
 37401 | Depths:2 | Identified the ring of Yendor {Str+3 Int+4 Dex-3} (You
                  | found it on level 2 of the Depths)
 37410 | Depths:2 | Identified the amulet "Buared" {RegenMP rPois rF+ Str+2
                  | Dex-5} (You found it on level 2 of the Depths)
 37412 | Depths:2 | Identified the amulet of Yhyudd {Harm *Drain Str+4 Int+7}
                  | (You found it on level 5 of the Vaults)
 37551 | Depths:3 | Noticed a juggernaut
 37592 | Depths:3 | Found a one-way gate to the infinite horrors of the Abyss.
 37654 | Depths:3 | Killed a juggernaut
 37655 | Depths:3 | Identified the +6 falchion of Noqif {antimagic, *Drain MR+
                  | Int+5}
 37723 | Depths:3 | Found a one-way gate leading to the halls of Pandemonium.
 37837 | Depths:3 | Reached XP level 25. HP: 142/147 MP: 41/50
 38260 | Depths:3 | Found a runed translucent door.
 38260 | Depths:3 | Noticed Ryditac's ghost (adept MiBe)
 38274 | Depths:3 | Killed Ryditac's ghost
 38374 | Depths:3 | Found Ecwyoleutz's Food Boutique.
 38382 | Depths:3 | Bought a ration for 70 gold pieces
 38382 | Depths:3 | Bought a ration for 70 gold pieces
 38382 | Depths:3 | Bought a ration for 70 gold pieces
 38382 | Depths:3 | Bought a ration for 70 gold pieces
 38382 | Depths:3 | Bought a ration for 70 gold pieces
 38382 | Depths:3 | Bought a ration for 70 gold pieces
 38382 | Depths:3 | Bought a ration for 70 gold pieces
 38495 | Depths:3 | Identified the +3 leather armour "Dyanipie" {rN+ Str+4
                  | Int+7} (You found it on level 3 of the Depths)
 38614 | Depths:3 | You fall into a shaft and drop 2 floors!
 38614 | Depths:5 | Entered Level 5 of the Depths
 38692 | Depths:4 | Found a gateway to a ziggurat.
 38920 | Zig:1    | Entered Level 1 of a ziggurat
 38939 | Zig:2    | Entered Level 2 of a ziggurat
 38981 | Zig:3    | Entered Level 3 of a ziggurat
 38985 | Zig:3    | Reached skill level 1 in Necromancy
 39010 | Zig:3    | Learned a level 9 spell: Shatter
 39011 | Zig:4    | Entered Level 4 of a ziggurat
 39045 | Zig:5    | Entered Level 5 of a ziggurat
 39050 | Zig:5    | Found the +9 heavy crossbow "Sniper" {velocity, Acc+∞ SInv}
 39081 | Zig:5    | Identified the +3 helmet "Petoobb" {rF+ rC+ Str+4 Int-4}
                  | (You acquired it on level 5 of a ziggurat)
 39083 | Zig:6    | Entered Level 6 of a ziggurat
 39121 | Zig:7    | Entered Level 7 of a ziggurat
 39128 | Zig:7    | Reached skill level 10 in Ice Magic
 39173 | Zig:7    | Got a brightly glowing ivory ring
 39174 | Zig:7    | Identified the ring of Cexali {Fire rElec} (You found it on
                  | level 7 of a ziggurat)
 39178 | Zig:8    | Entered Level 8 of a ziggurat
 39184 | Zig:8    | Reached skill level 5 in Necromancy
 39219 | Zig:9    | Entered Level 9 of a ziggurat
 39254 | Zig:10   | Entered Level 10 of a ziggurat
 39276 | Zig:10   | Identified Lisoj's Reference Book on Mutagenic Air
 39287 | Zig:10   | Identified the Reference Book on Attacks and Augmentations
 39302 | Zig:11   | Entered Level 11 of a ziggurat
 39313 | Zig:11   | Reached XP level 26. HP: 146/152 MP: 52/52
 39348 | Zig:12   | Entered Level 12 of a ziggurat
 39361 | Zig:12   | Reached skill level 10 in Necromancy
 39420 | Zig:13   | Entered Level 13 of a ziggurat
 39437 | Zig:13   | Found the +2 Maxwell's thermic engine {flame, freeze}
 39486 | Zig:13   | Reached XP level 27. HP: 157/157 MP: 52/52
 39497 | Zig:13   | Got a slimy granite ring
 39507 | Zig:14   | Entered Level 14 of a ziggurat
 39521 | Zig:14   | Noticed a juggernaut
 39521 | Zig:14   | Noticed a juggernaut
 39524 | Zig:14   | Killed a juggernaut
 39525 | Zig:14   | Killed a juggernaut
 39569 | Zig:14   | Identified Igakhe's Incunabulum of Lucky Toxins
 39578 | Zig:15   | Entered Level 15 of a ziggurat
 39632 | Zig:16   | Entered Level 16 of a ziggurat
 39651 | Zig:16   | Reached skill level 15 in Necromancy
 39659 | Zig:16   | Found the +27 Lear's hauberk
 39703 | Zig:16   | Got a slimy robe
 39708 | Zig:17   | Entered Level 17 of a ziggurat
 39735 | Zig:17   | Found the +7 Kryia's mail coat {PotionHeal*2 rC+}
 39772 | Zig:17   | Identified the ring "Evygg" {*Tele Dex+2} (You found it on
                  | level 13 of a ziggurat)
 39778 | Zig:17   | Got a brightly glowing zirconium amulet
 39784 | Zig:18   | Entered Level 18 of a ziggurat
 39870 | Zig:18   | Identified the +4 robe of Satisfaction {Str+6} (You found
                  | it on level 16 of a ziggurat)
 39871 | Zig:18   | Identified the amulet of Lep Oto {Acrobat rPois rC+} (You
                  | found it on level 17 of a ziggurat)
 39885 | Zig:18   | Got a distressingly furry helmet
 39893 | Zig:18   | Identified the +0 helmet "Qonojen" {SInv} (You found it on
                  | level 18 of a ziggurat)
 39902 | Zig:18   | Got a vibrating glass ring
 39917 | Zig:19   | Entered Level 19 of a ziggurat
 39931 | Zig:19   | Reached skill level 5 in Stealth
 39931 | Zig:19   | Reached skill level 27 in Spellcasting
 39936 | Zig:19   | Reached skill level 10 in Stealth
 39948 | Zig:19   | Found the macabre finger necklace {rN+}
 39950 | Zig:19   | Found the +3 sling "Punk" {acid, rCorr}
 39969 | Zig:19   | Learned a level 3 spell: Regeneration
 39993 | Zig:19   | Identified the Incunabulum of the Creative Voyage
 40000 | Zig:19   | Identified the Almanac of Translocation and Enchantment
 40010 | Zig:19   | Identified the ring of Wiazxof {Ice rPois MR- Dex-5 SInv}
                  | (You found it on level 18 of a ziggurat)
 40014 | Zig:19   | Got a pair of bloodstained boots
 40025 | Zig:19   | Identified the +2 pair of boots of the Nightingale {SInv}
                  | (You acquired it on level 19 of a ziggurat)
 40031 | Zig:19   | Got a faintly glowing copper ring
 40050 | Zig:20   | Entered Level 20 of a ziggurat
 40062 | Zig:20   | Learned a level 8 spell: Necromutation
 40071 | Zig:20   | Learned a level 8 spell: Death's Door
 40092 | Zig:20   | Reached skill level 1 in Charms
 40092 | Zig:20   | Reached skill level 1 in Transmutations
 40124 | Zig:20   | Identified the ring of Goneat {-Tele rF+ rN+ Int+4} (You
                  | found it on level 19 of a ziggurat)
 40147 | Zig:20   | Identified the +1 robe of the Eagle {-Tele rElec MR- Int+8}
                  | (You found it on level 20 of a ziggurat)
 40160 | Zig:20   | Identified Nyok's Grimoire of the Sailor
 40173 | Zig:20   | Identified the ring "Omeikal" {Ice +Inv MR- Int+3} (You
                  | found it on level 20 of a ziggurat)
 40179 | Zig:21   | Entered Level 21 of a ziggurat
 40202 | Zig:21   | Reached skill level 5 in Charms
 40287 | Zig:21   | Got a smoking large shield
 40315 | Zig:22   | Entered Level 22 of a ziggurat
 40335 | Zig:22   | Reached skill level 5 in Transmutations
 40342 | Zig:22   | Noticed an ancient lich
 40344 | Zig:22   | Paralysed by a floating eye for 3 turns
 40347 | Zig:22   | Noticed an ancient lich
 40348 | Zig:22   | Killed an ancient lich
 40348 | Zig:22   | Paralysed by a floating eye for 4 turns
 40352 | Zig:22   | Killed an ancient lich
 40369 | Zig:22   | Found the ring of Phasing {EV+8}
 40403 | Zig:22   | Reached skill level 10 in Charms
 40412 | Zig:22   | Identified the Collected Works on Dislocation
 40426 | Zig:22   | Learned a level 9 spell: Tornado
 40443 | Zig:22   | Identified the +1 large shield of the Guardian {Str+4 Int-5
                  | Dex+7} (You found it on level 21 of a ziggurat)
 40456 | Zig:22   | Got a coiled brass ring
 40458 | Zig:22   | Identified the ring "Otammoch" {Wiz MR++ Str+4 Dex-4} (You
                  | found it on level 22 of a ziggurat)
 40465 | Zig:22   | Got a smoking robe
 40475 | Zig:23   | Entered Level 23 of a ziggurat
 40500 | Zig:23   | Noticed an ancient lich
 40504 | Zig:23   | Killed an ancient lich
 40506 | Zig:23   | Noticed an ancient lich
 40508 | Zig:23   | Killed an ancient lich
 40510 | Zig:23   | Reached skill level 10 in Transmutations
 40539 | Zig:23   | Identified The Intricacies of Witchcraft
 40570 | Zig:23   | Identified the +1 robe of Indemnity {Str-2 Dex+2 Slay+3}
                  | (You found it on level 22 of a ziggurat)
 40574 | Zig:23   | Got a brightly glowing pewter ring
 40579 | Zig:24   | Entered Level 24 of a ziggurat
 40599 | Zig:24   | Reached skill level 1 in Earth Magic
 40612 | Zig:24   | Reached skill level 5 in Earth Magic
 40690 | Zig:24   | Noticed Atuahius the pandemonium lord
 40697 | Zig:24   | Killed Atuahius the pandemonium lord
 40705 | Zig:24   | Found the ring of the Mage {Wiz MR++ Int+3}
 40733 | Zig:24   | Identified the Incunabulum of Ignition and Summoning
 40753 | Zig:24   | Got a flickering silver ring
 40755 | Zig:24   | Got a clouded silver ring
 40761 | Zig:24   | Got a bloodstained leather armour
 40764 | Zig:24   | Got an encrusted long sword
 40787 | Zig:24   | Identified the +3 leather armour of Zipp {Int+4} (You found
                  | it on level 24 of a ziggurat)
 40798 | Zig:24   | Identified the +10 long sword of Light {drain, Dex+9 SInv}
                  | (You found it on level 24 of a ziggurat)
 40800 | Zig:24   | Identified the ring "Koh Det" {+Inv rPois Str-4 Int+2
                  | Dex+2} (You found it on level 24 of a ziggurat)
 40802 | Zig:24   | Identified the ring "Xooriwya" {rF+ Int+2} (You found it on
                  | level 23 of a ziggurat)
 40804 | Zig:24   | Identified the ring of Vilicsast {rF+ Str+6} (You found it
                  | on level 24 of a ziggurat)
 40817 | Zig:25   | Entered Level 25 of a ziggurat
 40850 | Zig:25   | Reached skill level 10 in Earth Magic
 40902 | Zig:25   | Identified the Tome of Entrancing Shape Shifting
 40934 | Zig:26   | Entered Level 26 of a ziggurat
 40992 | Zig:26   | Found the +5 demon whip "Spellbinder" {antimagic, MR+}
 40998 | Zig:26   | Found the +3 pair of gauntlets of War {Slay+5}
 41012 | Zig:26   | Identified Zusanahy's Reference Book on Earthen
                  | Transformation
 41036 | Zig:27   | Entered Level 27 of a ziggurat
 41061 | Zig:27   | Reached skill level 27 in Conjurations
 41066 | Zig:27   | Reached skill level 1 in Air Magic
 41105 | Zig:27   | Identified the Tome of Attacks
 41152 | Zig:27   | Reached skill level 5 in Air Magic
 41155 | Zig:27   | Got an ancient marble ring
 41161 | Zig:27   | Identified the ring "Acerre" {rC+ Dex+2 Stlth-} (You found
                  | it on level 27 of a ziggurat)
 41165 | Zig:27   | Got a fine golden ring
 41166 | Zig:27   | Identified the ring of Grace {rF+ rC+ MR+ MP+9} (You found
                  | it on level 27 of a ziggurat)
 41369 | D:12     | You paid a toll of +6 ice dragon scales to enter a treasure
                  | trove
 41370 | Trove    | Entered a treasure trove
 41402 | Trove    | Got an ancient diamond amulet
 41424 | Trove    | Identified the Incunabulum of Dislocation
 41625 | Zig:1    | Entered Level 1 of a ziggurat
 41643 | Zig:2    | Entered Level 2 of a ziggurat
 41665 | Zig:3    | Entered Level 3 of a ziggurat
 41665 | Zig:3    | Noticed Woelamarre the pandemonium lord
 41667 | Zig:3    | Killed Woelamarre the pandemonium lord
 41672 | Zig:3    | Identified Sif Muna's Incunabulum of Execration
 41681 | Zig:4    | Entered Level 4 of a ziggurat
 41711 | Zig:5    | Entered Level 5 of a ziggurat
 41711 | Zig:5    | Noticed a greater mummy
 41714 | Zig:5    | Noticed a greater mummy
 41714 | Zig:5    | Noticed a greater mummy
 41715 | Zig:5    | Noticed a greater mummy
 41716 | Zig:5    | Killed a greater mummy
 41716 | Zig:5    | Killed a greater mummy
 41717 | Zig:5    | Killed a greater mummy
 41717 | Zig:5    | Killed a greater mummy
 41763 | Zig:5    | Identified the amulet of the Past {+Rage rF+ Int+3 Dex+2
                  | SInv} (You found it in a treasure trove)
 41766 | Zig:6    | Entered Level 6 of a ziggurat
 41777 | Zig:6    | Found the +7 great mace "Undeadhunter" {disrupt, rN+}
 41799 | Zig:7    | Entered Level 7 of a ziggurat
 41838 | Zig:8    | Entered Level 8 of a ziggurat
 41868 | Zig:9    | Entered Level 9 of a ziggurat
 41875 | Zig:9    | Noticed Egiupn Upra the pandemonium lord
 41876 | Zig:9    | Noticed Ofineb the pandemonium lord
 41881 | Zig:9    | Killed Egiupn Upra the pandemonium lord
 41883 | Zig:9    | Killed Ofineb the pandemonium lord
 41917 | Zig:9    | Identified Nuqajal's Volume of Cold
 41921 | Zig:10   | Entered Level 10 of a ziggurat
 41933 | Zig:10   | Reached skill level 27 in Fire Magic
 41957 | Zig:10   | Identified the Catalogue of the Arsonist and Dislocation
 41962 | Zig:11   | Entered Level 11 of a ziggurat
 42014 | Zig:12   | Entered Level 12 of a ziggurat
 42034 | Zig:12   | Reached skill level 15 in Earth Magic
 42048 | Zig:12   | Got a brightly glowing marble ring
 42064 | Zig:13   | Entered Level 13 of a ziggurat
 42097 | Zig:13   | Found the +3 warlock's mirror {reflect}
 42098 | Zig:13   | Found the +8 orange crystal plate armour {Archmagi, Int+3
                  | Clar}
 42103 | Zig:13   | Got a transparent bronze ring
 42116 | Zig:13   | Got a smoking bronze amulet
 42127 | Zig:13   | Identified the ring "Bohoqasy" {SInv Stlth-} (You found it
                  | on level 13 of a ziggurat)
 42128 | Zig:13   | Identified the ring of Ephemeral Luck {Wiz MP+9} (You found
                  | it on level 12 of a ziggurat)
 42129 | Zig:13   | Identified the amulet of Ywif {rN+ Regen+ Str+5 Slay-5}
                  | (You found it on level 13 of a ziggurat)
 42140 | Zig:13   | Identified the ring of the Evening {rElec rPois Stlth+}
                  | (You found it on level 13 of a ziggurat)
 42148 | Zig:14   | Entered Level 14 of a ziggurat
 42180 | Zig:14   | Identified Sif Muna's Papyrus of Conjuration and Aid
 42196 | Zig:14   | Got a steaming ivory ring
 42200 | Zig:14   | Identified the ring of Diepp {rF+ Dex+3} (You found it on
                  | level 14 of a ziggurat)
 42201 | Zig:14   | Identified the +1 leather armour of the Sea {Stlth+} (You
                  | found it on level 14 of a ziggurat)
 42216 | Zig:15   | Entered Level 15 of a ziggurat
 42271 | Zig:15   | Identified the cursed +0 robe of Nobility {+Blink rN+ MR-}
                  | (You found it on level 15 of a ziggurat)
 42274 | Zig:15   | Identified the cursed -2 pair of boots "Otifro" {rCorr
                  | Int+5} (You found it on level 15 of a ziggurat)
 42295 | Zig:16   | Entered Level 16 of a ziggurat
 42312 | Zig:16   | Reached skill level 5 in Shields
 42338 | Zig:16   | Got a vibrating copper ring
 42344 | Zig:16   | Identified the ring "Zioqarip" {*Tele Stlth+} (You found it
                  | on level 16 of a ziggurat)
 42364 | Zig:16   | Got a smoking lapis lazuli ring
 42373 | Zig:17   | Entered Level 17 of a ziggurat
 42395 | Zig:17   | Reached skill level 10 in Shields
 42421 | Zig:17   | Identified Tuw Zaco's Papyrus of Battle Magic
 42427 | Zig:17   | Identified the Handbook of the Arsonist and Necromancy
 42430 | Zig:17   | Identified the ring of Gecau {rC+ Dex+4} (You found it on
                  | level 16 of a ziggurat)
 42435 | Zig:17   | Got a glittering turquoise ring
 42462 | Zig:18   | Entered Level 18 of a ziggurat
 42516 | Zig:18   | Identified the Papyrus of the Entourage
 42519 | Zig:18   | Identified the ring of Brilliance {MR+ Str+4 Int-4 Dex+4
                  | Stlth+} (You found it on level 17 of a ziggurat)
 42533 | Zig:18   | Got a faintly glowing helmet
 42537 | Zig:18   | Got a spiked cloak
 42549 | Zig:18   | Identified the cursed +0 helmet of Filth {+Fly} (You found
                  | it on level 18 of a ziggurat)
 42559 | Zig:18   | Identified the +1 cloak "Pifaym" {rElec MR- Dex+7} (You
                  | acquired it on level 18 of a ziggurat)
 42594 | Zig:19   | Entered Level 19 of a ziggurat
 42605 | Zig:19   | Noticed a juggernaut
 42608 | Zig:19   | Killed a juggernaut
 42620 | Zig:19   | Reached skill level 15 in Shields
 42622 | Zig:19   | Reached skill level 15 in Stealth
 42676 | Zig:19   | Identified the ring of Gesuta {+Fly rC- MR+ Int+3} (You
                  | found it on level 19 of a ziggurat)
 42691 | Zig:20   | Entered Level 20 of a ziggurat
 42712 | Zig:20   | Reached skill level 15 in Evocations
 42720 | Zig:20   | Reached skill level 15 in Ice Magic
 42742 | Zig:20   | Found the +2 hat of the Bear Spirit {Spirit, +Rage rN+
                  | MR++}
 42762 | Zig:20   | Identified the amulet "Naisk" {RegenMP MP+9} (You found it
                  | on level 20 of a ziggurat)
 42796 | Zig:21   | Entered Level 21 of a ziggurat
 42813 | Zig:21   | Reached skill level 5 in Translocations
 42892 | Zig:22   | Entered Level 22 of a ziggurat
 42925 | Zig:22   | Reached skill level 10 in Air Magic
 42964 | Zig:22   | Reached skill level 10 in Translocations
 43004 | Zig:22   | Identified the cursed +0 shield of a Hundred Allies {rElec
                  | rF+} (You found it on level 22 of a ziggurat)
 43008 | Zig:22   | Identified the +2 cloak "Sasihosh" {rElec rC+ Int-4} (You
                  | found it on level 22 of a ziggurat)
 43010 | Zig:23   | Entered Level 23 of a ziggurat
 43022 | Zig:23   | Noticed a greater mummy
 43028 | Zig:23   | Noticed a greater mummy
 43029 | Zig:23   | Killed a greater mummy
 43030 | Zig:23   | Noticed a greater mummy
 43031 | Zig:23   | Noticed a greater mummy
 43032 | Zig:23   | Killed a greater mummy
 43035 | Zig:23   | Killed a greater mummy
 43036 | Zig:23   | Killed a greater mummy
 43036 | Zig:23   | Noticed a greater mummy
 43038 | Zig:23   | Noticed a greater mummy
 43038 | Zig:23   | Noticed a greater mummy
 43039 | Zig:23   | Noticed a greater mummy
 43040 | Zig:23   | Noticed a greater mummy
 43042 | Zig:23   | Noticed a greater mummy
 43043 | Zig:23   | Noticed a greater mummy
 43044 | Zig:23   | Killed a greater mummy
 43044 | Zig:23   | Killed a greater mummy
 43044 | Zig:23   | Noticed a greater mummy
 43045 | Zig:23   | Killed a greater mummy
 43045 | Zig:23   | Killed a greater mummy
 43045 | Zig:23   | Noticed a greater mummy
 43046 | Zig:23   | Killed a greater mummy
 43048 | Zig:23   | Killed a greater mummy
 43051 | Zig:23   | Killed a greater mummy
 43051 | Zig:23   | Killed a greater mummy
 43052 | Zig:23   | Killed a greater mummy
 43052 | Zig:23   | Reached skill level 15 in Air Magic
 43062 | Zig:23   | Noticed a greater mummy
 43066 | Zig:23   | Killed a greater mummy
 43066 | Zig:23   | Lost strength.
 43089 | Zig:23   | Found the +8 glaive of the Guard {elec, +Rage AC+5 SInv}
 43121 | Zig:23   | Identified Sif Muna's Almanac of Warped Confrontation
 43131 | Zig:24   | Entered Level 24 of a ziggurat
 43195 | Zig:24   | Found the +12 glaive of Prune {chop}
 43233 | Zig:24   | Identified the ring of Hepliaklqana's Hope {Ice Str-5
                  | Slay+6} (You found it on level 24 of a ziggurat)
 43236 | Zig:24   | Got an ancient ivory ring
 43239 | Zig:24   | Identified Magosi's Almanac of Feathers and Transmigration
 43251 | Zig:25   | Entered Level 25 of a ziggurat
 43273 | Zig:25   | Reached skill level 15 in Fighting
 43330 | Zig:25   | Identified the Papyrus of Scorching Attacks
 43351 | Zig:25   | Got a clouded tin ring
 43359 | Zig:25   | Got a vibrating wooden ring
 43389 | Zig:25   | Got a pair of ancient boots
 43392 | Zig:26   | Entered Level 26 of a ziggurat
 43445 | Zig:26   | Found the +7 captain's cutlass {speed, disarm}
 43467 | Zig:26   | Identified the +0 pair of boots "Faenoes" {rF- Int+6} (You
                  | found it on level 25 of a ziggurat)
 43468 | Zig:26   | Identified the ring of Autotheism {rPois rCorr} (You found
                  | it on level 24 of a ziggurat)
 43469 | Zig:26   | Identified the ring "Bivvam" {Dex+5 Stlth+} (You found it
                  | on level 25 of a ziggurat)
 43473 | Zig:26   | Identified Xoschesa's Thorough Guide to Witchery
 43476 | Zig:26   | Got a dull robe
 43480 | Zig:26   | Identified the Tome of Transformation and Aid
 43495 | Zig:26   | Got a glittering ruby amulet
 43504 | Zig:27   | Entered Level 27 of a ziggurat
 43570 | Zig:27   | Found the -2 hat of the Alchemist {rElec rPois rF+ rC+ rN+
                  | MR+ rMut rCorr}
 43599 | Zig:27   | Identified the Collected Works on Creation and Ice
 43610 | Zig:27   | Identified the amulet of Megalomania {Faith -Tele Fragile
                  | MR+++ Dex+4} (You found it on level 26 of a ziggurat)
 43624 | Zig:27   | Got a vibrating ivory ring
 43633 | Zig:27   | Identified the ring of Giqemum {rPois AC+4} (You found it
                  | on level 25 of a ziggurat)
 43635 | Zig:27   | Identified the ring "Yhytejet" {+Blink MP+9} (You found it
                  | on level 27 of a ziggurat)
 43640 | Zig:27   | Got a warped bone ring
 43648 | Zig:27   | Identified the ring of Immorality {rElec rCorr Int+3} (You
                  | found it on level 27 of a ziggurat)
 43670 | Zig:1    | Entered Level 1 of a ziggurat
 43683 | Zig:2    | Entered Level 2 of a ziggurat
 43699 | Zig:3    | Entered Level 3 of a ziggurat
 43724 | Zig:4    | Entered Level 4 of a ziggurat
 43724 | Zig:4    | Found the +7 pair of quick blades "Gyre" and "Gimble"
                  | {protect}
 43747 | Zig:5    | Entered Level 5 of a ziggurat
 43774 | Zig:5    | Identified the Compendium of Clay and Air
 43784 | Zig:6    | Entered Level 6 of a ziggurat
 43788 | Zig:6    | Reached skill level 27 in Earth Magic
 43790 | Zig:6    | Noticed Dozyluuc the pandemonium lord
 43794 | Zig:6    | Killed Dozyluuc the pandemonium lord
 43819 | Zig:7    | Entered Level 7 of a ziggurat
 43843 | Zig:8    | Entered Level 8 of a ziggurat
 43878 | Zig:9    | Entered Level 9 of a ziggurat
 43927 | Zig:10   | Entered Level 10 of a ziggurat
 43966 | Zig:10   | Identified the +2 robe of Impatience {Int+5} (You found it
                  | on level 10 of a ziggurat)
 43970 | Zig:10   | Identified the ring of Micieni {MR+ Str+4} (You found it on
                  | level 10 of a ziggurat)
 43989 | Zig:11   | Entered Level 11 of a ziggurat
 43996 | Zig:11   | Noticed Fasof the pandemonium lord
 43996 | Zig:11   | Noticed Qucoymac the pandemonium lord
 43996 | Zig:11   | Noticed Ikhoemef the pandemonium lord
 43996 | Zig:11   | Noticed Xeovuo the pandemonium lord
 43996 | Zig:11   | Noticed Werofony the pandemonium lord
 43997 | Zig:11   | Noticed Titad the pandemonium lord
 43999 | Zig:11   | Noticed Buat the pandemonium lord
 43999 | Zig:11   | Noticed Boemn the pandemonium lord
 44000 | Zig:11   | Noticed Weodd the pandemonium lord
 44003 | Zig:11   | Killed Ikhoemef the pandemonium lord
 44003 | Zig:11   | Killed Buat the pandemonium lord
 44004 | Zig:11   | Killed Titad the pandemonium lord
 44004 | Zig:11   | Killed Boemn the pandemonium lord
 44004 | Zig:11   | Killed Fasof the pandemonium lord
 44005 | Zig:11   | Killed Werofony the pandemonium lord
 44005 | Zig:11   | Killed Qucoymac the pandemonium lord
 44005 | Zig:11   | Killed Weodd the pandemonium lord
 44005 | Zig:11   | Noticed Yvia the pandemonium lord
 44006 | Zig:11   | Killed Xeovuo the pandemonium lord
 44011 | Zig:11   | Killed Yvia the pandemonium lord
 44041 | Zig:12   | Entered Level 12 of a ziggurat
 44050 | Zig:12   | Noticed an orb of fire
 44050 | Zig:12   | Noticed an orb of fire
 44053 | Zig:12   | Noticed an orb of fire
 44053 | Zig:12   | Noticed an orb of fire
 44053 | Zig:12   | Noticed an orb of fire
 44054 | Zig:12   | Noticed an orb of fire
 44054 | Zig:12   | Noticed an orb of fire
 44056 | Zig:12   | Killed an orb of fire
 44057 | Zig:12   | Killed an orb of fire
 44057 | Zig:12   | Killed an orb of fire
 44057 | Zig:12   | Noticed an orb of fire
 44058 | Zig:12   | Killed an orb of fire
 44058 | Zig:12   | Killed an orb of fire
 44058 | Zig:12   | Killed an orb of fire
 44059 | Zig:12   | Noticed an orb of fire
 44059 | Zig:12   | Killed an orb of fire
 44063 | Zig:12   | Killed an orb of fire
 44063 | Zig:12   | Killed an orb of fire
 44081 | Zig:12   | Identified the ring of Ascent {rF- rC+ MR+ MP+9} (You found
                  | it on level 12 of a ziggurat)
 44098 | Zig:12   | Identified the ring "Lat Nime" {rPois MR- Dex+4 Slay+5
                  | Stlth+} (You found it on level 12 of a ziggurat)
 44104 | Zig:13   | Entered Level 13 of a ziggurat
 44115 | Zig:13   | Noticed an orb of fire
 44115 | Zig:13   | Noticed an orb of fire
 44115 | Zig:13   | Noticed an orb of fire
 44119 | Zig:13   | Noticed an orb of fire
 44119 | Zig:13   | Noticed an orb of fire
 44120 | Zig:13   | Killed an orb of fire
 44120 | Zig:13   | Killed an orb of fire
 44121 | Zig:13   | Killed an orb of fire
 44124 | Zig:13   | Killed an orb of fire
 44124 | Zig:13   | Killed an orb of fire
 44126 | Zig:13   | Found the +3 crown of Dyrovepreva {rElec Int+2 SInv}
 44146 | Zig:13   | Found the +8 autumn katana {slice, Clar}
 44169 | Zig:13   | Identified the Compendium of Assistive Earth
 44196 | Zig:14   | Entered Level 14 of a ziggurat
 44242 | Zig:14   | Found the +0 pair of fencer's gloves {Riposte Dex+3}
 44256 | Zig:14   | Identified the ring "Xaigroeju" {*Tele rF+} (You found it
                  | on level 14 of a ziggurat)
 44262 | Zig:14   | Identified the amulet of Finality {Inacc +Blink MP+9} (You
                  | found it on level 14 of a ziggurat)
 44271 | Zig:15   | Entered Level 15 of a ziggurat
 44302 | Zig:15   | Found the +9 staff of Wucad Mu {channel}
 44311 | Zig:15   | Identified Qighu's Compendium of Spatial Dark Rites
 44318 | Zig:15   | Identified the ring of the Louse {rPois MR+ Int+3 Dex-2}
                  | (You found it on level 15 of a ziggurat)
 44336 | Zig:16   | Entered Level 16 of a ziggurat
 44346 | Zig:16   | Noticed Wair Lamo the pandemonium lord
 44348 | Zig:16   | Noticed Upteit the pandemonium lord
 44349 | Zig:16   | Noticed Gemexepu the pandemonium lord
 44350 | Zig:16   | Noticed Elytamni the pandemonium lord
 44350 | Zig:16   | Noticed Nuyraepp the pandemonium lord
 44351 | Zig:16   | Killed Upteit the pandemonium lord
 44351 | Zig:16   | Killed Wair Lamo the pandemonium lord
 44351 | Zig:16   | Noticed Uxkith the pandemonium lord
 44351 | Zig:16   | Noticed Lefy the pandemonium lord
 44352 | Zig:16   | Noticed Seshut the pandemonium lord
 44352 | Zig:16   | Noticed Ywimel the pandemonium lord
 44354 | Zig:16   | Noticed Wifyisez the pandemonium lord
 44354 | Zig:16   | Killed Elytamni the pandemonium lord
 44358 | Zig:16   | Killed Gemexepu the pandemonium lord
 44365 | Zig:16   | Killed Ywimel the pandemonium lord
 44365 | Zig:16   | Killed Nuyraepp the pandemonium lord
 44367 | Zig:16   | Killed Lefy the pandemonium lord
 44369 | Zig:16   | Noticed Emaubiut the pandemonium lord
 44370 | Zig:16   | Killed Seshut the pandemonium lord
 44370 | Zig:16   | Noticed Couddi Piff the pandemonium lord
 44372 | Zig:16   | Killed Uxkith the pandemonium lord
 44372 | Zig:16   | Killed Emaubiut the pandemonium lord
 44373 | Zig:16   | Killed Wifyisez the pandemonium lord
 44374 | Zig:16   | Killed Couddi Piff the pandemonium lord
 44436 | Zig:17   | Entered Level 17 of a ziggurat
 44453 | Zig:17   | Noticed an ancient lich
 44456 | Zig:17   | Killed an ancient lich
 44458 | Zig:17   | Noticed an ancient lich
 44458 | Zig:17   | Noticed an ancient lich
 44459 | Zig:17   | Killed an ancient lich
 44461 | Zig:17   | Killed an ancient lich
 44469 | Zig:17   | Found the ring of the Octopus King
 44481 | Zig:17   | Identified Sif Muna's Tome of Dark Intoxication
 44492 | Zig:17   | Got a ring of the Octopus King
 44526 | Zig:17   | Identified a ring of the Octopus King {rCorr AC+1 EV+1
                  | Str+1 Int+1 Dex+1} (You found it on level 17 of a ziggurat)
 44528 | Zig:18   | Entered Level 18 of a ziggurat
 44566 | Zig:18   | Found the +10 zealot's sword {holy, *Rage rN+ EV+3}
 44581 | Zig:18   | Identified the ring "Deitour" {rC+ MP+9 Str+4} (You found
                  | it on level 18 of a ziggurat)
 44592 | Zig:18   | Identified the Grimoire of the Burning Glacier
 44618 | Zig:19   | Entered Level 19 of a ziggurat
 44635 | Zig:19   | Noticed an ancient lich
 44637 | Zig:19   | Killed an ancient lich
 44645 | Zig:19   | Reached skill level 27 in Ice Magic
 44666 | Zig:19   | Identified the amulet "Wuv Keoto" {*Contam rElec rN+
                  | Regen+} (You found it on level 19 of a ziggurat)
 44668 | Zig:19   | Identified the ring "Vuesum" {Wiz Str+4} (You found it on
                  | level 19 of a ziggurat)
 44669 | Zig:19   | Identified The Last Papyrus of the Deep Elf Lorekeeper
 44678 | Zig:19   | Identified the amulet of Day {Harm *Drain *Slow rPois Int+5
                  | SInv} (You found it on level 19 of a ziggurat)
 44718 | Zig:20   | Entered Level 20 of a ziggurat
 44753 | Zig:20   | Found the +11 plutonium sword {*Contam Stlth-}
 44757 | Zig:20   | Found the +8 demon blade "Bloodbane" {slice, *Rage +Rage
                  | Stlth-}
 44760 | Zig:20   | Identified Hagy Ry Jeoc's Reference Book on Unholy Moulding
 44766 | Zig:20   | Identified the +1 pair of boots of Jaig {rCorr Dex+2} (You
                  | found it on level 20 of a ziggurat)
 44795 | Zig:21   | Entered Level 21 of a ziggurat
 44851 | Zig:21   | Found the +5 robe of Misfortune {*Contam Harm *Corrode
                  | *Drain *Slow EV+5}
 44887 | Zig:22   | Entered Level 22 of a ziggurat
 44942 | Zig:22   | Found the +7 mace of Variability {chain chaos}
 44944 | Zig:22   | Found the +8 trident of the Octopus King {venom, rElec
                  | rPois MR+}
 44949 | Zig:22   | Identified the amulet of Xoux {Faith rF+ Int+3} (You found
                  | it on level 22 of a ziggurat)
 44951 | Zig:22   | Identified the Collected Works on the Congealing Arsonist
 44956 | Zig:22   | Identified the amulet "Evvaetu" {*Slow rC- MR+ Regen+
                  | Str+9} (You found it on level 22 of a ziggurat)
 44991 | Zig:23   | Entered Level 23 of a ziggurat
 45012 | Zig:23   | Noticed Ybbip the pandemonium lord
 45018 | Zig:23   | Killed Ybbip the pandemonium lord
 45042 | Zig:23   | Reached skill level 27 in Evocations
 45071 | Zig:23   | Found the +8 demon trident "Rift" {distort, reach+}
 45082 | Zig:23   | Identified the cursed -11 large shield of Kut Pow {*Drain
                  | +Inv rF+} (You found it on level 23 of a ziggurat)
 45085 | Zig:23   | Identified the Tome of the Fiery Rocks
 45098 | Zig:23   | Identified Sif Muna's Almanac of Ashen Boosts
 45112 | Zig:24   | Entered Level 24 of a ziggurat
 45169 | Zig:24   | Found the ring of Shadows {Umbra +Inv Stlth+}
 45215 | Zig:24   | Identified the ring "Hero's Friend" {Wiz Str+5} (You found
                  | it on level 24 of a ziggurat)
 45222 | Zig:25   | Entered Level 25 of a ziggurat
 45359 | Zig:25   | Identified the ring "Teituh" {rF++ rC- SInv} (You found it
                  | on level 25 of a ziggurat)
 45360 | Zig:25   | Identified the Compendium of the Mountains and Bewitchment
 45377 | Zig:25   | Identified the amulet "Puisch" {Harm -Tele *Drain rElec
                  | rC++ Dex+2} (You found it on level 25 of a ziggurat)
 45386 | Zig:25   | Identified the +1 leather armour of Daoshile {*Contam rC+
                  | Int+2} (You found it on level 25 of a ziggurat)
 45390 | Zig:25   | Identified the Almanac of the Foremost Princes
 45414 | Zig:26   | Entered Level 26 of a ziggurat
 45453 | Zig:26   | Reached skill level 27 in Dodging
 45457 | Zig:26   | Reached skill level 15 in Translocations
 45485 | Zig:26   | Found the amulet of the Four Winds {rN+ MR+++ Clar}
 45510 | Zig:26   | Identified Qided's Handbook of Weightlessness and Dark
                  | Rituals
 45531 | Zig:26   | Identified the ring "Etsiawn" {Ice rElec} (You found it on
                  | level 26 of a ziggurat)
 45535 | Zig:26   | Identified the ring "Mamuonot" {*Drain rElec MR+++ Int+5
                  | Dex+3} (You found it on level 26 of a ziggurat)
 45540 | Zig:26   | Identified the cursed ring of Sisurch {rN+ AC-2 Str-2
                  | Int+8} (You found it on level 26 of a ziggurat)
 45557 | Zig:27   | Entered Level 27 of a ziggurat
 45615 | Zig:27   | Found the +0 staff of Battle
 45629 | Zig:27   | Identified the Volume of Glacial Moulding
 45640 | Zig:27   | Got a crude robe
 45648 | Zig:27   | Got a brightly glowing leather armour
 45668 | Zig:27   | Identified the +3 robe of Hecohunu {rN+++ MR- rCorr Stlth-}
                  | (You found it on level 27 of a ziggurat)
 45799 | Zig:27   | Identified the +1 leather armour "Wutesoe" {Int+3} (You
                  | found it on level 27 of a ziggurat)
 46216 | Slime:1  | Entered Level 1 of the Pits of Slime
 46275 | Slime:5  | Entered Level 5 of the Pits of Slime
 46341 | Slime:5  | Noticed the Royal Jelly
 46345 | Slime:5  | Killed the Royal Jelly
 46408 | Slime:5  | Found the +8 demon blade "Leech" {vamp, rN+ AC-3 EV-3}
 46448 | Slime:5  | Got a slimy rune of Zot
 46845 | Hell     | Entered the Vestibule of Hell
 46845 | Hell     | Noticed Geryon
 46857 | Hell     | Killed Geryon
 46888 | Hell     | Found a gateway to the freezing wastes of Cocytus.
 46906 | Coc:1    | Entered Level 1 of Cocytus
 47078 | Coc:4    | Learned a level 8 spell: Controlled Blink
 47098 | Coc:5    | Reached skill level 27 in Fighting
 47259 | Coc:7    | Entered Level 7 of Cocytus
 47460 | Coc:7    | Identified the ring "Guskaur" {*Drain rPois rC+ Str+6} (You
                  | found it on level 7 of Cocytus)
 47620 | Coc:7    | Noticed Antaeus
 47627 | Coc:7    | Killed Antaeus
 47641 | Coc:7    | Got an icy rune of Zot
 47715 | Hell     | Found a gateway to the ashen valley of Gehenna.
 47724 | Geh:1    | Entered Level 1 of Gehenna
 47750 | Geh:1    | You fall into a shaft and drop 1 floor!
 48008 | Geh:7    | Entered Level 7 of Gehenna
 48035 | Geh:7    | Reached skill level 27 in Air Magic
 48187 | Geh:7    | Identified the +7 sceptre of Asmodeus
 48187 | Geh:7    | Noticed Asmodeus
 48202 | Geh:7    | Killed Asmodeus
 48226 | Geh:7    | Got an obsidian rune of Zot
 48327 | Hell     | Found a gateway to the decaying netherworld of Tartarus.
 48336 | Tar:1    | Entered Level 1 of Tartarus
 48714 | Tar:7    | Entered Level 7 of Tartarus
 48788 | Tar:7    | Identified the +6 hand axe of Cobwebs {freeze, Int+3 Dex+7}
 48788 | Tar:7    | Identified the cursed ring of Qyck {*Slow +Fly AC-4 Int+2}
 48802 | Tar:7    | Noticed Ereshkigal
 48865 | Tar:7    | Killed Ereshkigal
 48921 | Tar:7    | Identified the Collected Works on Ashen Lightness
 48970 | Tar:7    | Found the +2 robe of Vines {NoPotionHeal Regen+7}
 48972 | Tar:7    | Identified the ring of Sinot {rF+ rN+} (You found it on
                  | level 7 of Tartarus)
 48975 | Tar:7    | Found the +4 moon troll leather armour {Spirit, Regen++
                  | MP+5}
 48976 | Tar:7    | Got a bone rune of Zot
 49116 | Hell     | Found a gateway to the Iron City of Dis.
 49125 | Dis:1    | Entered Level 1 of the Iron City of Dis
 49236 | Dis:2    | You fall into a shaft and drop 1 floor!
 49298 | Dis:3    | You fall into a shaft and drop 1 floor!
 49351 | Dis:4    | You fall into a shaft and drop 1 floor!
 49391 | Dis:5    | You fall into a shaft and drop 1 floor!
 49410 | Dis:7    | Entered Level 7 of the Iron City of Dis
 49616 | Dis:7    | Identified the +4 staff of Dispater
 49616 | Dis:7    | Noticed Dispater
 49636 | Dis:7    | Killed Dispater
 49668 | Dis:7    | Got an iron rune of Zot
 49908 | Vaults:2 | Found a staircase to the Crypt.
 49935 | Crypt:1  | Entered Level 1 of the Crypt
 49938 | Crypt:1  | Noticed Saint Roka
 49945 | Crypt:1  | Killed Saint Roka
 49995 | Crypt:3  | Entered Level 3 of the Crypt
 50074 | Crypt:3  | Found a staircase to the Tomb.
 50097 | Tomb:1   | Entered Level 1 of the Tomb of the Ancients
 50108 | Tomb:1   | Noticed a greater mummy
 50108 | Tomb:1   | Noticed a greater mummy
 50113 | Tomb:1   | Noticed a greater mummy
 50116 | Tomb:1   | Noticed a greater mummy
 50116 | Tomb:1   | Noticed a greater mummy
 50117 | Tomb:1   | Killed a greater mummy
 50117 | Tomb:1   | Killed a greater mummy
 50120 | Tomb:1   | Killed a greater mummy
 50120 | Tomb:1   | Killed a greater mummy
 50121 | Tomb:1   | Killed a greater mummy
 50121 | Tomb:1   | Noticed a greater mummy
 50121 | Tomb:1   | Noticed a greater mummy
 50128 | Tomb:1   | Killed a greater mummy
 50130 | Tomb:1   | Killed a greater mummy
 50141 | Tomb:1   | Noticed a greater mummy
 50141 | Tomb:1   | Noticed a greater mummy
 50141 | Tomb:1   | Noticed a greater mummy
 50144 | Tomb:1   | Killed a greater mummy
 50145 | Tomb:1   | Killed a greater mummy
 50150 | Tomb:1   | Killed a greater mummy
 50260 | Tomb:1   | Noticed a greater mummy
 50261 | Tomb:1   | Noticed a greater mummy
 50262 | Tomb:1   | Noticed a greater mummy
 50262 | Tomb:1   | Noticed a greater mummy
 50265 | Tomb:1   | Noticed a greater mummy
 50267 | Tomb:1   | Killed a greater mummy
 50267 | Tomb:1   | Killed a greater mummy
 50268 | Tomb:1   | Killed a greater mummy
 50268 | Tomb:1   | Killed a greater mummy
 50268 | Tomb:1   | Noticed a greater mummy
 50269 | Tomb:1   | Killed a greater mummy
 50269 | Tomb:1   | Noticed a greater mummy
 50271 | Tomb:1   | Killed a greater mummy
 50272 | Tomb:1   | Killed a greater mummy
 50293 | Tomb:2   | Noticed a greater mummy
 50296 | Tomb:2   | Noticed a greater mummy
 50300 | Tomb:2   | Killed a greater mummy
 50301 | Tomb:2   | Killed a greater mummy
 50324 | Tomb:2   | Noticed a greater mummy
 50326 | Tomb:2   | Noticed a greater mummy
 50331 | Tomb:2   | Killed a greater mummy
 50332 | Tomb:2   | Killed a greater mummy
 50452 | Tomb:3   | Entered Level 3 of the Tomb of the Ancients
 50472 | Tomb:3   | Noticed a greater mummy
 50474 | Tomb:3   | Noticed a greater mummy
 50474 | Tomb:3   | Noticed a greater mummy
 50475 | Tomb:3   | Noticed a greater mummy
 50475 | Tomb:3   | Noticed a greater mummy
 50475 | Tomb:3   | Noticed a greater mummy
 50475 | Tomb:3   | Noticed an ancient lich
 50476 | Tomb:3   | Killed a greater mummy
 50476 | Tomb:3   | Noticed a greater mummy
 50477 | Tomb:3   | Killed a greater mummy
 50478 | Tomb:3   | Killed a greater mummy
 50478 | Tomb:3   | Killed a greater mummy
 50478 | Tomb:3   | Killed an ancient lich
 50478 | Tomb:3   | Reached skill level 27 in Shields
 50478 | Tomb:3   | Killed a greater mummy
 50478 | Tomb:3   | Killed a greater mummy
 50478 | Tomb:3   | Noticed a greater mummy
 50480 | Tomb:3   | Killed a greater mummy
 50483 | Tomb:3   | Killed a greater mummy
 50491 | Tomb:3   | Found the brooch of Shielding {Reflect SH+8}
 50536 | Tomb:3   | Identified the ring of Haemu {MR+ Str+3 Int-4 Dex+2 Slay+2}
                  | (You found it on level 3 of the Tomb of the Ancients)
 50549 | Tomb:3   | Identified the Compendium of Feathers and Aid
 50553 | Tomb:3   | Identified the +2 leather armour "Ruleo" {Str+4} (You found
                  | it on level 3 of the Tomb of the Ancients)
 50596 | Tomb:3   | Got a golden rune of Zot
 50740 | Crypt:1  | Noticed Osipn's ghost (veteran MiGl)
 50740 | Crypt:1  | Found a shimmering altar of Xom.
 50752 | Crypt:1  | Killed Osipn's ghost
 51026 | Pan      | Entered Pandemonium
 51186 | Pan      | Found an exit through the horrors of the Abyss.
 51214 | Pan      | Noticed Ixzom the pandemonium lord
 51221 | Pan      | Killed Ixzom the pandemonium lord
 51221 | Pan      | Reached skill level 10 in Armour
 51410 | Pan      | Noticed Mennas
 51414 | Pan      | Killed Mennas
 51482 | Pan      | Reached skill level 15 in Charms
 51566 | Pan      | Noticed Fuegg the pandemonium lord
 51679 | Pan      | Entered the realm of Mnoleg.
 51694 | Pan      | Found an exit through the horrors of the Abyss.
 51868 | Pan      | Noticed Mnoleg
 51874 | Pan      | Killed Mnoleg
 51908 | Pan      | Got a glowing rune of Zot
 51921 | Pan      | Entered the realm of Gloorx Vloq.
 51946 | Pan      | Noticed Gloorx Vloq
 51961 | Pan      | Killed Gloorx Vloq
 51992 | Pan      | Got a dark rune of Zot
 52110 | Pan      | Noticed Woliyd the pandemonium lord
 52117 | Pan      | Killed Woliyd the pandemonium lord
 52140 | Depths:3 | Escaped Pandemonium
 52169 | Pan      | Entered the realm of Lom Lobon.
 52169 | Pan      | Entered Pandemonium
 52225 | Pan      | Noticed Lom Lobon
 52234 | Pan      | Killed Lom Lobon
 52287 | Pan      | Got a magical rune of Zot
 52326 | Pan      | Entered the realm of Cerebov.
 52449 | Pan      | Identified the ring "Iniy" {rC+ rN+} (You found it in
                  | Pandemonium)
 52510 | Pan      | Identified the +6 sword of Cerebov {flame}
 52510 | Pan      | Noticed Cerebov
 52522 | Pan      | Killed Cerebov
 52545 | Pan      | Got a fiery rune of Zot
 52795 | Pan      | Noticed Busm the pandemonium lord
 52814 | Pan      | Killed Busm the pandemonium lord
 53094 | Pan      | Found a runed translucent door.
 53100 | Pan      | Found a runed translucent door.
 53102 | Pan      | Found a runed translucent door.
 53105 | Pan      | Noticed Gynguts the pandemonium lord
 53108 | Pan      | Killed Gynguts the pandemonium lord
 53121 | Pan      | Found a runed translucent door.
 53170 | Pan      | Gained mutation: Armour fits poorly on your strangely
                  | shaped body. [a neqoxec]
 53256 | Pan      | Gained mutation: You are weak. (Str -2) [a neqoxec]
 53257 | Pan      | Reached skill level 15 in Transmutations
 53264 | Depths:3 | Escaped Pandemonium
 53267 | Pan      | Entered Pandemonium
 53315 | Pan      | Noticed Tehoph the pandemonium lord
 53326 | Pan      | Killed Tehoph the pandemonium lord
 53424 | Depths:3 | Escaped Pandemonium
 53426 | Pan      | Entered Pandemonium
 53451 | Pan      | Gained mutation: You are frail. (-10% HP) [a cacodemon]
 53550 | Pan      | Noticed Vokucy the pandemonium lord
 53555 | Pan      | Killed Vokucy the pandemonium lord
 53603 | Pan      | Got a demonic rune of Zot
 53772 | Pan      | Found an exit through the horrors of the Abyss.
 53781 | Pan      | Took an exit into the Abyss.
 53781 | Abyss:1  | Escaped into the Abyss
 54632 | Abyss:2  | Found a shimmering altar of Xom.
 54783 | Abyss:5  | Entered Level 5 of the Abyss
 54808 | Abyss:5  | Got an abyssal rune of Zot
 54825 | Depths:3 | Escaped the Abyss
 54879 | Depths:5 | Noticed a juggernaut
 54885 | Depths:5 | Killed a juggernaut
 54897 | Depths:5 | Found a gate to the Realm of Zot.
 54911 | Zot:1    | Entered Level 1 of the Realm of Zot
 55058 | Zot:3    | Noticed an orb of fire
 55063 | Zot:3    | Killed an orb of fire
 55108 | Zot:4    | Noticed an orb of fire
 55112 | Zot:4    | Killed an orb of fire
 55126 | Zot:4    | Lost mutation: Armour fits poorly on your strangely shaped
                  | body. [potion of mutation]
 55126 | Zot:4    | Lost mutation: You are weak. (Str -2) [potion of mutation]
 55126 | Zot:4    | Gained mutation: You expend magic power (3 MP) to
                  | strengthen your wands. [potion of mutation]
 55126 | Zot:4    | Gained mutation: Your magical capacity is low. (-10% MP)
                  | [potion of mutation]
 55126 | Zot:4    | Gained mutation: Your spells are a little harder to cast,
                  | but a little more powerful. [potion of mutation]
 55127 | Zot:4    | Lost mutation: You are frail. (-10% HP) [potion of
                  | mutation]
 55127 | Zot:4    | Lost mutation: You expend magic power (3 MP) to strengthen
                  | your wands. [potion of mutation]
 55127 | Zot:4    | Lost mutation: Your magical capacity is low. (-10% MP)
                  | [potion of mutation]
 55127 | Zot:4    | Gained mutation: You are somewhat resistant to further
                  | mutation. [potion of mutation]
 55127 | Zot:4    | Gained mutation: You are resistant to electric shocks.
                  | (rElec) [potion of mutation]
 55141 | Zot:5    | Entered Level 5 of the Realm of Zot
 55182 | Zot:5    | Upgraded the game from 0.24.0-10-g970556be89 to
                  | 0.24.0-13-gcf9b3192b9
 55207 | Zot:5    | Noticed an ancient lich
 55209 | Zot:5    | Killed an ancient lich
 55209 | Zot:5    | Noticed an ancient lich
 55212 | Zot:5    | Killed an ancient lich
 55228 | Zot:5    | Noticed an orb of fire
 55229 | Zot:5    | Noticed an orb of fire
 55233 | Zot:5    | Noticed an orb of fire
 55233 | Zot:5    | Killed an orb of fire
 55233 | Zot:5    | Killed an orb of fire
 55233 | Zot:5    | Cast into level 5 of the Abyss (the power of Zot)
 55233 | Abyss:5  | Entered Level 5 of the Abyss
 55241 | Abyss:5  | Found a snail-covered altar of Cheibriados.
 55318 | Abyss:5  | Reached skill level 15 in Armour
 55383 | Zot:5    | Escaped the Abyss
 55383 | Zot:5    | Gained mutation: You tend to lose your temper in combat.
                  | [an orb of fire]
 55386 | Zot:5    | Killed an orb of fire
 55387 | Zot:5    | Noticed an ancient lich
 55390 | Zot:5    | Noticed an ancient lich
 55391 | Zot:5    | Killed an ancient lich
 55393 | Zot:5    | Killed an ancient lich
 55433 | Zot:5    | Noticed an orb of fire
 55436 | Zot:5    | Killed an orb of fire
 55437 | Zot:5    | Noticed an orb of fire
 55442 | Zot:5    | Killed an orb of fire
 55449 | Zot:5    | Noticed an ancient lich
 55451 | Zot:5    | Killed an ancient lich
 55457 | Zot:5    | Noticed an orb of fire
 55461 | Zot:5    | Killed an orb of fire
 55464 | Zot:5    | Got the Orb of Zot
 55471 | Zot:5    | Noticed Museitutz the pandemonium lord
 55476 | Zot:5    | Killed Museitutz the pandemonium lord
 56011 | D:$      | Escaped with the Orb!

Levels and vault maps discovered:
D:1:      lightli_arrival_boilingwater, layout_rooms
D:2:      layout_basic, zin_academy
D:3:      layout_basic, nicolae_overflow_crystal_walls, roderic_lattice_a,
          kennysheep_decorative_pillar, uniq_terence
D:4:      layout_cave_pools, temple_green, fedhas_ov_isle_minmay, uniq_edmund,
          uniq_blork_the_orc, uniq_natasha
D:5:      layout_basic, first_ration, minmay_misc_feat_doors, st_stairs_3,
          uniq_menkaure, uniq_pikel
D:6:      layout_gridville, basic_altar, due_unseen_surprise
D:7:      layout_basic, minmay_overflow_temple_star_quad, kennysheep_mini,
          serial_shops, shop
D:8:      layout_basic, lair_entry_dummy, basic_altar, grunt_livestock,
          uniq_harold
D:9:      layout_rooms, okawaru_metal_pillars_1_2
D:10:     layout_basic, uniq_erolcha
D:11:     layout_gridville, orc_david_3, serial_glass, glass_columns_a,
          glass_columns_a, glass_columns_a, glass_columns_c, glass_columns_a,
          glass_columns_c, glass_columns_a, glass_columns_b, glass_columns_a,
          glass_columns_b, st_stairs_11, lightli_fourway_metalbox
D:12:     minmay_clustersquares, layout_long_grid,
          nicolae_trove_entry_free_sample, serial_shops, shop_statue, uniq_snorg
D:13:     minmay_spiral_squares, layout_loops_ring, erik_vaults_2,
          ploomutoo_gammafunk_ghost_potion_laboratory, grunt_decor_one_mirror
D:14:     layout_loops_ring, roderic_serpentine_path, dk_noncrumbling_3,
          dk_noncrumbling_2, st_stairs_7, minmay_bent
D:15:     grunt_enter_depths_magical_seal, layout_basic, gauntlet_entry_generic
Temple:   bh_familiar_temple
Lair:1:   layout_long_grid, basic_altar, grunt_forest_large_clearing_hut,
          serial_bayou_shore_b
Lair:2:   layout_regular_city, spider_nest_entry_web_field, grunt_megastairs_5,
          lemuel_fruit_fields
Lair:3:   layout_cave_pods, minmay_shoals_entry_hut, bobbens_dragon_lair_wall,
          lemuel_fruit_fields, minmay_lair_oklob_chamber
Lair:4:   layout_small_grid
Lair:5:   layout_misc_corridors, serial_bayou_ford_a, serial_bayou_shore_a
Lair:6:   due_jungle_book, layout_small_grid, minmay_slime_entry_pillars,
          portal_ice_cave_entry_ice_beasts, infiniplex_staircase_pool
Shoals:1: layout_shoals, nicolae_shoals_mertower, uniq_louise
Shoals:2: layout_shoals, serial_shops, shop_statue, nicolae_shop_stone,
          shop_fountains, nicolae_shop_crystal, shop, nicolae_alphabet_shops
Shoals:3: layout_shoals, uniq_donald
Shoals:4: shoals_end_grunt_ice, layout_shoals, serial_shops, shop,
          nicolae_shop_stone
Spider:1: layout_spider_delve
Spider:2: spider_temple_joshua, drop_trap, spiders_nest_spider_trap
Spider:3: layout_spider_delve, uniq_arachne, uniq_nikola
Spider:4: spider_rune_water, ebering_ghost_inner_flame, uniq_asterion
Slime:1:  layout_caves, cheibrodos_slime_lost_civilization_4
Slime:2:  layout_caves, cheibrodos_slime_lost_civilization_7
Slime:3:  layout_caves
Slime:4:  layout_caves
Slime:5
Orc:1:    layout_caves, enter_bailey_3, basic_altar, special_room
          [special_room_kobold], trog_book
Orc:2:    pubby_orc_utopia, uniq_maurice
Elf:1:    layout_geoelf_octagon, minmay_elf_annihilation
Elf:2:    layout_loops_ring, drop_trap, minivault_16, st_stairs_12
Elf:3:    elf_hall, layout_geoelf_grid, basic_altar, drop_trap
Vaults:1: st_cross, ontoclasm_vaults_ring_small, nicolae_vaults_theta,
          vaults_mumra_minichess_inversion, ontoclasm_vaults_pinch,
          layout_vaults_big_room, mu_enter_wizlab_1
Vaults:2: minmay_crypt_entry_simple_statues, vaults_room_ringed_pool,
          vaults_mumra_chevron_long, v_pattern_1, v_misc_16,
          nicolae_vaults_network_s, v_misc_19, v_misc_13, v_misc_27,
          vaults_mumra_lcd, nicolae_vaults_asterisk, v_misc_22,
          nicolae_vaults_diagonal_hallway_7, vaults_room_corners,
          layout_vaults_omnibox
Vaults:3: hangedman_vaults_impose, v_misc_3, nicolae_vaults_murderbox,
          ontoclasm_vaults_chip, nicolae_vaults_little_squares_4,
          nicolae_vaults_network_periphery, grunt_vaults_focal,
          layout_vaults_quadrants, portal_desolation_entry_nicolae_nacl,
          uniq_xtahua
Vaults:4: nicolae_vaults_asterisk, hangedman_vaults_impose,
          grunt_tower_of_power, nicolae_vaults_ring_of_whatevers, v_misc_17,
          dpeg_vaults_monster_box, v_misc_14, vaults_mumra_minichess,
          vaults_dpeg_diagonal, nicolae_vaults_stairing_the_circle,
          vaults_dpeg_encased_lava, ontoclasm_vaults_ring_small,
          layout_vaults_ring
Vaults:5
Crypt:1:  layout_rooms, ebering_ghost_xom, uniq_saint_roka
Crypt:2:  layout_rooms, grunt_megastairs_2
Crypt:3:  lightli_unholy_cathedral, layout_chaotic_city,
          nicolae_tomb_entry_unfolded_pyramid_diagonal, st_burial_chamber
Tomb:1
Tomb:2
Tomb:3
Depths:1: grunt_x_marks_the_spot, layout_basic, serial_sigils,
          serial_sigils_hangedman_gnaw, serial_sigils_hangedman_writhe,
          serial_sigils_hangedman_scar, serial_sigils_hangedman_carve,
          serial_sigils_hangedman_etch, hell_entry,
          hangedman_research_toxicology
Depths:2: gold_lair_mu, layout_gridville, serial_co_window_serial,
          co_window_paths_a, co_window_corner_a, co_window_of_opportunity_a,
          co_window_corner_a, co_window_corner_a, co_window_of_opportunity_c,
          co_window_corner_ca, co_window_corner_ca, co_window_corner_ca,
          co_window_unsneaky_path_e, co_window_4corner_b, co_window_paths_e,
          glass_columns_a, glass_columns_a, pf_hell_entry_tar_river,
          chequers_serial_rivers_room_b, minivault_1
Depths:3: minmay_the_grid_four_pointed_star
          [minmay_the_grid_triangle_9x9_sparse_checkered,
          minmay_the_grid_triangle_9x9_corruption,
          minmay_the_grid_triangle_9x9_checkered,
          minmay_the_grid_triangle_9x9_negative_grid,
          minmay_the_grid_prize_four_corners_diamond_a], layout_gridlike,
          abyss_entry, serial_curves, eino_curves_01, eino_curves_03, pan_entry,
          pf_dread_powers_of_hell, gammafunk_ghost_grave, serial_shops,
          kennysheep_little_box, due_unseen_surprise, uniq_frederick
Depths:4: hangedman_pleasuredromes, hell_entry, abyss_entry
Depths:5: grunt_twist_and_shout, layout_cave_pools, grunt_hell_entry_dis_grunt,
          corexii_hall_statues_t, rand_demon_pan_entry_4
Hell
Dis:1:    layout_subdivisions
Dis:2:    layout_gridville
Dis:3:    layout_regular_city
Dis:4:    layout_overlapping_boxes
Dis:5:    layout_subdivisions
Dis:6:    hangedman_iron_city_apartments, layout_chaotic_city
Dis:7:    dis_grunt_layers
Geh:1:    layout_gehenna_pools_box, grunt_megastairs_1
Geh:2:    layout_gehenna_pools_box
Geh:3:    layout_gehenna_pools_basic, lemuel_hellion_isle
Geh:4:    layout_gehenna_pools_triple
Geh:5:    layout_gehenna_lava_caves
Geh:6:    layout_gehenna_pools_triple
Geh:7:    geh_grunt
Coc:1:    layout_ice_bergs
Coc:2:    layout_cocytus_water_paths
Coc:3:    layout_cocytus_water_paths
Coc:4:    layout_ice_bergs
Coc:5:    layout_cocytus_water_paths
Coc:6:    layout_cocytus_water_paths
Coc:7:    coc_grunt
Tar:1:    layout_grid_maze
Tar:2:    layout_cathedral_of_symmetry, nicolae_tar_cuneiform_city
Tar:3:    layout_grid_maze
Tar:4:    layout_catacombs
Tar:5:    layout_catacombs
Tar:6:    layout_grid_maze
Tar:7:    tar_minmay_river
Zot:1:    layout_misc_corridors, lemuel_baited_zot_trap,
          nicolae_transmutations_shop
Zot:2:    kennysheep_ambush_hall, layout_gridlike, bh_zot_levy_curve
Zot:3:    layout_gridville, grunt_megastairs_4, lemuel_elevator
Zot:4:    layout_gridlike, nrook_zot_tub, lemuel_elevator
Zot:5:    layout_misc_corridors

Skill      XL: |  1  2  3  4  5  6  7  8  9 10 11 12 13 14 15 16 17 18 19 20 21 22 23 24 25 26 27 |
---------------+----------------------------------------------------------------------------------+-----
Conjurations   | 2 3 4 5 6 8 9 11 12 13 14 15 16 17 18 19 20 21 22 23 24 27 | 27.0
Fire Magic     | 4 5 6 7 8 10 11 12 13 15 16 17 19 20 21 22 23 24 27 | 27.0
Spellcasting   | 4 5 6 7 8 10 11 13 14 15 16 17 18 19 20 21 23 27 | 27.0
Evocations     | 3 4 6 8 9 10 11 12 14 27 | 27.0
Dodging        | 4 6 8 9 10 11 13 14 15 16 17 18 27 | 27.0
Armour         | 2 4 5 6 16 | 16.0
Shields        | 4 27 | 27.0
Stealth        | 3 21 | 21.1
Fighting       | 1 3 4 6 8 9 10 11 12 27 | 27.0
Ice Magic      | 2 3 5 6 11 12 27 | 27.0
Necromancy     | 9 13 26 | 26.1
Charms         | 23 | 23.9
Transmutations | 19 | 19.4
Earth Magic    | 27 | 27.0
Air Magic      | 27 | 27.0
Translocations | 19 | 19.6

Action                   |  1- 3 |  4- 6 |  7- 9 | 10-12 | 13-15 | 16-18 | 19-21 | 22-24 | 25-27 || total
-------------------------+-------+-------+-------+-------+-------+-------+-------+-------+-------++-------
Melee: Dagger            |     1 |     1 |       |     3 |       |       |       |       |       ||     5
       Spear             |       |    24 |    73 |       |       |       |       |       |       ||    97
       Long sword        |       |       |     5 |     1 |       |       |       |       |       ||     6
       Great sword       |       |       |       |    26 |       |       |       |       |       ||    26
       Staff             |       |       |       |       |    12 |     2 |     1 |       |    62 ||    77
 Cast: Flame Tongue      |    62 |    93 |   192 |   215 |   218 |    76 |       |       |       ||   856
       Sticky Flame      |       |    10 |    22 |    49 |    75 |    20 |    16 |       |       ||   192
       Conjure Flame     |       |       |    18 |    27 |    33 |     2 |     1 |       |       ||    81
       Fireball          |       |       |    12 |   128 |   381 |   269 |   177 |       |       ||   967
       Freeze            |       |       |     8 |       |       |       |       |       |       ||     8
       Bolt of Magma     |       |       |       |    13 |    35 |     1 |       |       |       ||    49
       Iskenderun's Batt |       |       |       |       |    24 |    16 |     1 |       |       ||    41
       Orb of Destructio |       |       |       |       |    20 |   117 |    71 |    45 |    35 ||   288
       Bolt of Fire      |       |       |       |       |       |     9 |     5 |     1 |       ||    15
       Ignition          |       |       |       |       |       |    38 |    57 |    32 |   172 ||   299
       Fire Storm        |       |       |       |       |       |       |   109 |   232 |   766 ||  1107
       Ring of Flames    |       |       |       |       |       |       |       |       |    38 ||    38
       Shatter           |       |       |       |       |       |       |       |       |  1091 ||  1091
       Glaciate          |       |       |       |       |       |       |       |       |   236 ||   236
       Regeneration      |       |       |       |       |       |       |       |       |   178 ||   178
       Tornado           |       |       |       |       |       |       |       |       |   165 ||   165
       Sublimation of Bl |       |       |       |       |       |       |       |       |    83 ||    83
       Necromutation     |       |       |       |       |       |       |       |       |    33 ||    33
       Controlled Blink  |       |       |       |       |       |       |       |       |     5 ||     5
       Death's Door      |       |       |       |       |       |       |       |       |     4 ||     4
 Abil: End Transformatio |       |       |       |       |       |       |       |       |    22 ||    22
Evoke: Wand              |       |       |       |     2 |     1 |     4 |     2 |     2 |     7 ||    18
       Staff of energy   |       |       |       |       |    17 |   153 |   389 |   325 |   521 ||  1405
       Sack of spiders   |       |       |       |       |       |       |       |       |     6 ||     6
       Figurine of a zig |       |       |       |       |       |       |       |       |     2 ||     2
       Horn of Geryon    |       |       |       |       |       |       |       |       |     1 ||     1
       Box of beasts     |       |       |       |       |       |       |       |       |     1 ||     1
  Use: Scroll            |       |     5 |     8 |     7 |    16 |    15 |    15 |     5 |   125 ||   196
       Potion            |       |     3 |     4 |       |     1 |     1 |     5 |     9 |    50 ||    73
 Stab: Sleeping          |     1 |     6 |       |       |       |       |       |       |       ||     7
  Eat: Chunk             |       |     7 |    13 |    30 |    27 |    31 |    17 |     2 |     2 ||   129
       Ration            |       |       |     1 |     2 |     6 |     7 |     9 |     8 |    28 ||    61
Armor: Robe              |     2 |    22 |    20 |     6 |       |       |       |     6 |    85 ||   141
       Skin              |       |       |    51 |       |       |       |       |       |       ||    51
       Troll leather arm |       |       |       |    30 |    58 |    24 |    46 |       |   119 ||   277
Dodge: Dodged            |    19 |    64 |    71 |    82 |   147 |    71 |   126 |    50 |  1207 ||  1837
       Deflected         |       |       |       |       |       |    30 |     9 |    11 |    59 ||   109
Block: Buckler           |       |       |       |       |    29 |    30 |    34 |     7 |   857 ||   957
       Reflection        |       |       |       |       |       |       |       |       |   139 ||   139
       Rpst.: Long sword |       |       |     8 |     1 |       |       |       |       |       ||     9
       Great sword       |       |       |       |    15 |       |       |       |       |       ||    15
